 Dungeon Crawl Stone Soup version 0.30-b1-2-g02819fbbbe (webtiles) character file.

Game seed: 10068429863255957036

1570114 Ntrails the Slayer (level 27, 238/238 (242) HPs)
             Began as a Formicid Berserker on June 28, 2023.
             Was the Champion of Trog.
             Escaped with the Orb
             ... and 3 runes on July 1, 2023!
             The game lasted 06:06:01 (77466 turns).

Ntrails the Slayer (Formicid Berserker)            Turns: 77466, Time: 06:06:02

HP:   238/238 (242) AC: 48    Str: 40    XL:     27
MP:   7/7           EV: 10    Int:  9    God:    Trog [******]
Gold: 3839          SH: 21    Dex: 14    Spells: 26/26 levels left

rFire   + + +        q - +8 Wrath of Trog {antimagic, *Rage Rampage}
rCold   + + +        K - +4 kite shield {reflect}
rNeg    . . .        G - +12 crystal plate armour "Joiwn" {rElec rPois Stlth-, rare}
rPois   +            (helmet unavailable)
rElec   +            p - scarf {repulsion}
rCorr   +            n - +1 pair of gloves {Dex+3}
SInv    +            i - +3 pair of mountain boots {steadfast, rC+}
Will    +++++        z - amulet of Xom's Recklessness {Drain rF+ Regen+ Str+6 Stlth+} Stlth
                     f - ring of protection from fire
HPRegen 2.39/turn    C - ring of Pafaewan {Fly rC+}
MPRegen 0.10/turn

%: repel missiles, reflection, rampage
@: mighty, resistant, strong-willed, on berserk cooldown, flying, regenerating,
lightly drained, invisible
A: permanent stasis, dig shafts and tunnels, antennae 3, four strong arms,
hooves 1, clumsy 1, deterioration 2, strong-willed 1, poison resistance,
screaming 1, electricity resistance, wild magic 1, inability to drink after
injury 1
0: Orb of Zot
}: 3/15 runes: decaying, serpentine, slimy
a: Dig, Shaft Self, Renounce Religion, Trog's Hand, Brothers in Arms


You escaped.
You worshipped Trog.
Trog was exalted by your worship.
You visited 10 branches of the dungeon, and saw 51 of its levels.
You visited 1 bazaar.
You also visited: Bailey, Gauntlet and Ice Cave.

You collected 7645 gold pieces.
You spent 3806 gold pieces at shops.


Innate Abilities, Weirdness & Mutations

You cannot be hasted, slowed, berserked, paralysed or teleported.
You can dig through walls and to a lower floor.
You have a pair of large antennae on your head. (SInv)
Your four strong arms can wield two-handed weapons with a shield.
You have large cloven feet.
You are clumsy. (Dex -2)
Your body often deteriorates upon taking damage.
You are strong-willed. (Will+)
Your system is resistant to poisons. (rPois)
You occasionally shout uncontrollably at your foes.
You are resistant to electric shocks. (rElec)
Your spells are a little harder to cast, but a little more powerful.
You occasionally lose the ability to drink potions when taking damage.


   Skills:
 - Level 25.0 Fighting
 - Level 24.0 Axes
 - Level 5.0 Staves
 - Level 16.0 Throwing
 - Level 22.0 Armour
 - Level 5.0 Dodging
 - Level 25.0 Shields
 + Level 21.1 Evocations


You had 26 spell levels left.
You didn't know any spells.
Your spell library contained the following spells:

 Spells                   Type           Power      Damage    Failure   Level
 Apportation              Tloc           0%         N/A       95%         1
 Beastly Appendage        Tmut           0%         N/A       95%         1
 Freeze                   Ice            0%         1d3       95%         1
 Magic Dart               Conj           0%         1d3       95%         1
 Necrotise                Necr           0%         1d4       95%         1
 Sandblast                Erth           0%         2d4       95%         1
 Shock                    Conj/Air       0%         1d3       95%         1
 Slow                     Hex            0%         N/A       95%         1
 Summon Small Mammal      Summ           0%         N/A       95%         1
 Call Imp                 Summ           0%         N/A       98%         2
 Cigotuvi's Dreadful Rot  Necr/Pois/Air  0%         N/A       98%         2
 Ensorcelled Hibernation  Hex/Ice        0%         N/A       98%         2
 Lesser Beckoning         Tloc           0%         N/A       98%         2
 Momentum Strike          Conj/Tloc      0%         3d8       98%         2
 Passwall                 Tmut/Erth      0%         N/A       98%         2
 Searing Ray              Conj           0%         2d4       98%         2
 Static Discharge         Conj/Air       0%         2-2/arc   98%         2
 Sublimation of Blood     Necr           0%         N/A       98%         2
 Wereblood                Tmut           0%         N/A       98%         2
 Call Canine Familiar     Summ           0%         N/A       100%        3
 Confusing Touch          Hex            0%         N/A       100%        3
 Frozen Ramparts          Ice            0%         1d1       100%        3
 Gell's Gravitas          Tloc           0%         N/A       100%        3
 Hailstorm                Conj/Ice       0%         3d3       100%        3
 Ignite Poison            Fire/Tmut/Pois 0%         N/A       100%        3
 Inner Flame              Hex/Fire       0%         N/A       100%        3
 Mephitic Cloud           Conj/Pois/Air  0%         N/A       100%        3
 Spider Form              Tmut/Pois      0%         N/A       100%        3
 Stone Arrow              Conj/Erth      0%         3d7       100%        3
 Teleport Other           Tloc           0%         N/A       100%        3
 Vampiric Draining        Necr           0%         2d6       100%        3
 Volatile Blastmotes      Fire/Tloc      0%         2d10      100%        3
 Airstrike                Air            0%         2d(0-16)  100%        4
 Anguish                  Hex/Necr       0%         N/A       100%        4
 Animate Dead             Necr           0%         N/A       100%        4
 Cause Fear               Hex            0%         N/A       100%        4
 Dispel Undead            Necr           0%         3d6       100%        4
 Fulminant Prism          Conj/Hex       0%         3d5       100%        4
 Ice Form                 Ice/Tmut       0%         N/A       100%        4
 Iskenderun's Mystic Bla  Conj/Tloc      0%         2d3       100%        4
 Leda's Liquefaction      Hex/Erth       0%         N/A       100%        4
 Petrify                  Tmut/Erth      0%         N/A       100%        4
 Summon Ice Beast         Ice/Summ       0%         N/A       100%        4
 Summon Lightning Spire   Summ/Air       0%         N/A       100%        4
 Agony                    Necr           0%         N/A       100%        5
 Alistair's Intoxication  Tmut/Pois      0%         N/A       100%        5
 Borgnjor's Vile Clutch   Necr/Erth      0%         N/A       100%        5
 Fireball                 Conj/Fire      0%         3d3       100%        5
 Freezing Cloud           Conj/Ice/Air   0%         6-21      100%        5
 Irradiate                Conj/Tmut      0%         3d11      100%        5
 Iskenderun's Battlesphe  Conj           0%         2d6       100%        5
 Lee's Rapid Deconstruct  Erth           0%         3d4*      100%        5
 Summon Mana Viper        Hex/Summ       0%         N/A       100%        5
 Yara's Violent Unravell  Hex/Tmut       0%         3d3       100%        5
 Conjure Ball Lightning   Conj/Air       0%         3x3d6     100%        6
 Death Channel            Necr           0%         N/A       100%        6
 Iron Shot                Conj/Erth      0%         9d1       100%        6
 Enfeeble                 Hex            0%         N/A       100%        7
 Haunt                    Necr/Summ      0%         N/A       100%        7
 Monstrous Menagerie      Summ           0%         N/A       100%        7
 Orb of Destruction       Conj           0%         9d5       100%        7
 Spellforged Servitor     Conj/Summ      0%         N/A       100%        7
 Storm Form               Tmut/Air       0%         N/A       100%        7
 Infestation              Necr           0%         N/A       100%        8
 Lehudib's Crystal Spear  Conj/Erth      0%         10d2      100%        8
 Maxwell's Capacitive Co  Air            0%         ∞         100%        8
 Shatter                  Erth           0%         3d5*      100%        9
 Blink                    Tloc           Unusable   N/A       N/A         2
 Swiftness                Air            Unusable   N/A       N/A         3

Inventory:

Hand Weapons
 q - the +8 Wrath of Trog (weapon) {antimagic, *Rage Rampage}
   (You found it on level 3 of the Dungeon)

   It causes slowness and exhaustion when equipped.
   It extends the wielder's berserk rage when killing foes.
   *Rage:     It berserks you when you make melee attacks (+50% chance).
   Rampage:   It bestows one free step when moving towards enemies.
 X - the +7 lajatang of Order {silver, rMut}
   (You acquired it on level 2 of the Elven Halls)

   rMut:      It protects you from mutation.
Missiles
 g - 5 throwing nets {=f!f}
 o - 2 boomerangs of dispersal {=f!f}
 s - a silver boomerang
 H - 5 datura-tipped darts
 J - 25 boomerangs
 Z - 17 javelins
Armour
 i - the +3 pair of mountain boots (worn) {steadfast, rC+}
   (You found it on level 5 of the Pits of Slime)

   Steadfast: It prevents involuntary movement, except for blinking,
   teleportation, or banishment.
   rC:        It protects you from cold.
 n - a +1 pair of gloves of dexterity (worn)
   (You found it on level 5 of the Pits of Slime)
 p - a scarf of repulsion (worn)
   (You found it in a Gauntlet)
 G - the +12 crystal plate armour "Joiwn" (worn) {rElec rPois Stlth-, rare}
   (You acquired it on level 2 of the Depths)

   rElec:     It insulates you from electricity.
   rPois:     It protects you from poison.
   Stlth:     It makes you less stealthy.
 K - a +4 kite shield of reflection (worn)
   (You took it off Donald on level 2 of the Elven Halls)
Jewellery
 f - a ring of protection from fire (left hand)
   (You found it on level 3 of the Snake Pit)
 z - the amulet of Xom's Recklessness (around neck) {Drain rF+ Regen+ Str+6 Stlth+}
   (You found it on level 2 of the Elven Halls)

   [amulet of regeneration]

   Str:       It affects your strength (+6).
   rF:        It protects you from fire.
   Regen:     It increases your rate of health regeneration.
   Drain:     It drains your maximum health when unequipped.
   Stlth:     It makes you more stealthy.
 C - the ring of Pafaewan (right hand) {Fly rC+}
   (You found it in a Gauntlet)

   [ring of flight]

   rC:        It protects you from cold.
   Fly:       It grants you flight.
 E - the ring of the Skies Above {*Slow rElec rN+ EV+5}
   (You found it on level 3 of the Elven Halls)

   [ring of evasion]

   EV:        It affects your evasion (+5).
   rElec:     It insulates you from electricity.
   rN:        It protects you from negative energy.
   *Slow:     It may slow you when you take damage.
 S - the ring "Rehuet" {rElec Str+6}
   (You found it on level 5 of the Lair of Beasts)

   [ring of strength]

   Str:       It affects your strength (+6).
   rElec:     It insulates you from electricity.
Wands
 u - a wand of roots (16)
   (You found it on level 11 of the Dungeon)
 I - a wand of charming (35)
   (You found it on level 7 of the Dungeon)
 R - a wand of flame (166)
   (You took it off a goblin on level 7 of the Dungeon)
 T - a wand of mindburst (16)
   (You found it on level 3 of the Elven Halls)
 U - a wand of digging (15)
   (You found it on level 15 of the Dungeon)
 Y - a wand of acid (13) (quivered)
   (You took it off a naga on level 3 of the Lair of Beasts)
Scrolls
 c - a scroll of torment {!r}
 d - 11 scrolls of poison
 e - 7 scrolls of immolation {!r!r}
 k - 13 scrolls of noise {!r}
 t - 7 scrolls of fear
 v - 8 scrolls of fog
 w - 7 scrolls of vulnerability {!r!r}
 A - 3 scrolls of silence {!r}
 B - 3 scrolls of magic mapping {!r}
 N - 5 scrolls of butterflies
Potions
 a - 2 potions of resistance
 b - 3 potions of might
 h - 9 potions of heal wounds {@q2}
 j - 5 potions of cancellation
 l - a potion of invisibility
 m - 26 potions of curing {@q1}
 r - 16 potions of lignification {!q}
 D - 2 potions of flight
 F - 5 potions of attraction {!q}
 O - 4 potions of mutation {!q}
 P - a potion of ambrosia
Miscellaneous
 x - a tin of tremorstones (2/2)
   (You found it on level 1 of the Vaults)
 y - a phial of floods
   (You found it in a Gauntlet)
 Q - a box of beasts
   (You found it on level 14 of the Dungeon)
 V - a phantom mirror
   (You found it on level 5 of the Lair of Beasts)
 W - a lightning rod (4/4)
   (You found it in a Gauntlet)

Dungeon Overview and Level Annotations

Branches:
Dungeon (15/15)            Temple (0/1) D:5            Lair (5/5) D:10
  Swamp (4/4) Lair:2        Snake (4/4) Lair:3        Slime (5/5) Lair:5
    Orc (2/2) D:12            Elf (3/3) Orc:2        Vaults (4/5) D:13
  Crypt (0/3) Vaults:2     Depths (4/4) D:15            Zot (5/5) Depths:4
 Bailey (visited)           IceCv (visited)         Gauntlet (visited)

Altars:
Cheibriados
Elyvilon
Fedhas
Makhleb
Qazlal
Sif Muna
Trog
Uskayaw
Vehumet
Wu Jian
Xom
The Shining One
Jiyva

Shops:
D:4 (   D:12 (   Orc:2 [[[   Elf:1 (   Elf:2 ?   Snake:1 *?*   Snake:3 :=:
Vaults:3 (   Vaults:4 [

Portals:
Hell: Depths:1 Depths:2 Depths:3 Depths:4
Abyss: Depths:1 Depths:3
Pandemonium: Depths:2
Ziggurat: Depths:3

Annotations:
Swamp:3 3 runed translucent doors, Ricegish's ghost, adept GnFi
Vaults:4 3 runed translucent doors, Getoffmy's ghost, veteran GrFi

.####...##.####...##########.....
## ##............#..PP #..†.. #
##....###....#.P.. #..... #..###
#..#.#.P.P. ##...#
#..#####..#.#P.♣P. #...##
#...........#♣♣P♣♣. ##...#
##.######...#PP.♣.P #..#. #.#
#...#.PPPP ##.### #.# #.@.#♣.P..
#...#. #.# #...#P.♣P #.....
########.# #...#P.♣ ##....
.........# #...#.♣P♣♣P #...##
########## #.#.#.P.... ###.#.
#.#.#PP♣♣.P #... #...#P♣PPP #...
#...#.P♣P♣P #.#. #...# #### #.#.


There were no monsters in sight!


Message History

😎 HP[+1]
Your hp is fully restored (237).
You slice the reaper!!
You kill the reaper!
Trog accepts your kill.
You now have 238 max hp (+1).
No target in view! 😎 HP[+1]
Your hp is fully restored (238).
There is a stone staircase leading up here.
You no longer feel able to rampage towards enemies.
You feel less violent.
You feel magic returning to you.
X - the +7 lajatang of Order (weapon)
{silver, rMut} You fly upwards.
There is a stone staircase leading down here. 😎 MP[+1]
A great orb of eyes comes into view.
You slice the great orb of eyes!! 😎 MP[+1]
You hit the great orb of eyes.
You block the great orb of eyes's attack.
You slash the great orb of eyes!
You block the great orb of eyes's attack.
You slice the great orb of eyes like a ripe choko!!!
You kill the great orb of eyes!
Trog accepts your kill.
No target in view!
You recover from your berserk rage.
There is a stone staircase leading up here. 😎 MP[+3]
You regained 3 mp, and now have 12/23 mp.
You fly upwards.
There is a stone staircase leading down here. 😎 MP[+1]
You sense a monster nearby. 😎 MP[+6]
You regained 6 mp, and now have 19/23 mp.
A neqoxec comes into view.
You see here a +0 whip.
There is a stone staircase leading up here. 😎 MP[+1]
You fly upwards.
There is a stone staircase leading down here.
You see here a +0 short sword.
There is a stone staircase leading up here. 😎 MP[+2]
You regained 2 mp, and now have 22/23 mp.
You fly upwards.
There is a stone staircase leading down here.
There is a stone staircase leading up here. 😎 MP[+1]
Your mp is fully restored (23).
You fly upwards.
There is a stone staircase leading down here.
There is a stone staircase leading up here.
You fly upwards.
There is a stone staircase leading down here.
Aiming: Dig
Press: ? - help, Shift-Dir - straight line A rock wall.
This square is covered in magical glow.
The rock shatters into small pieces.
There is a stone staircase leading up here.
You fly upwards.
There is a stone staircase leading down here.
There is a stone staircase leading up, spattered with blood here.
You fly upwards.
There is a stone staircase leading down, spattered with blood here.
Aiming: Dig
Press: ? - help, Shift-Dir - straight line This square is covered in magical glow.
The rock shatters into small pieces.
There is a stone staircase leading up here.
You fly upwards.
There is a stone staircase leading down here.
You see here a +0 whip.
There is a stone staircase leading up here.
You fly upwards.
There is a stone staircase leading down here.
There is an open door here.
A hellwing comes into view.
You feel the exhaustion of battles past.
You are exhausted.
Your stasis prevents you from being slowed.
q - the +8 Wrath of Trog (weapon)
{antimagic, *Rage Rampage} 😎 MP[-16]
You rampage towards the hellwing!
You hit the hellwing but do no damage. You cut the hellwing into ribbons!!!
You kill the hellwing!
Trog accepts your kill.
There is an open door here.
You see here a +0 club.
There is a staircase leading out of the dungeon here.
You feel more buoyant.
You fade into invisibility!
You feel very mighty all of a sudden.
You feel protected.
Your skin crawls.
You feel strong-willed.
You have escaped!

Skill      XL: |  1  2  3  4  5  6  7  8  9 10 11 12 13 14 15 16 17 18 19 20 21 22 23 24 25 26 27 |
---------------+----------------------------------------------------------------------------------+-----
Axes           | 4 5 6 7 9 11 13 14 15 16 18 20 22 24 | 24.0
Armour         | 3 5 7 8 9 10 12 13 14 15 16 17 21 22 | 22.0
Fighting       | 4 5 7 10 11 12 14 15 16 17 21 22 23 24 25 | 25.0
Dodging        | 2 5 |  5.0
Evocations     | 2 5 7 9 10 12 13 14 15 16 17 18 19 21 | 21.1
Shields        | 5 7 9 10 11 13 15 16 20 21 22 23 25 | 25.0
Throwing       | 3 6 8 9 11 12 13 16 | 16.0
Staves         | 1 5 |  5.0

Action                     |  1- 3 |  4- 6 |  7- 9 | 10-12 | 13-15 | 16-18 | 19-21 | 22-24 | 25-27 || total
---------------------------+-------+-------+-------+-------+-------+-------+-------+-------+-------++-------
  Melee: Hand axe          |    87 |   127 |       |       |       |       |       |       |       ||   214
         Punch             |       |     4 |     1 |       |       |       |       |       |       ||     5
         War axe           |       |    65 |   100 |       |    21 |       |       |       |       ||   186
         Battleaxe         |       |       |   111 |   310 |   829 |  1176 |  1254 |  1190 |  1823 ||  6693
         Flail             |       |       |       |       |    31 |       |       |       |       ||    31
         Broad axe         |       |       |       |       |       |   119 |       |       |       ||   119
         Lajatang          |       |       |       |       |       |       |       |    11 |    19 ||    30
  Throw: Stone             |     7 |       |    46 |       |     2 |       |       |       |       ||    55
         Dart              |       |     6 |     2 |     1 |       |     7 |       |       |     3 ||    19
         Boomerang         |       |       |       |       |       |       |     4 |    10 |   103 ||   117
         Javelin           |       |       |       |       |       |       |     4 |       |     8 ||    12
         Throwing net      |       |       |       |       |       |       |       |       |     2 ||     2
 Invoke: Trog's Hand       |       |       |     1 |     9 |     4 |     2 |     2 |     2 |     1 ||    21
         Brothers in Arms  |       |       |       |     1 |       |     3 |     8 |     2 |       ||    14
Ability: Shaft Self        |       |       |       |     1 |     1 |     2 |     3 |       |       ||     7
         Dig               |       |       |       |       |       |       |     1 |     2 |     4 ||     7
  Evoke: Wand              |       |       |       |       |    14 |    11 |    21 |     8 |    64 ||   118
         Lightning rod     |       |       |       |       |     4 |       |     4 |     1 |       ||     9
         Phial of floods   |       |       |       |       |     1 |       |       |       |       ||     1
         Box of beasts     |       |       |       |       |       |     1 |     1 |     1 |       ||     3
         Phantom mirror    |       |       |       |       |       |       |     1 |     3 |     1 ||     5
         Tin of tremorston |       |       |       |       |       |       |       |     1 |     3 ||     4
    Use: Scroll            |       |     3 |       |     4 |     7 |    11 |     4 |     2 |    10 ||    41
         Potion            |       |     1 |       |    11 |     1 |     2 |     8 |     4 |    11 ||    38
   Stab: Distracted        |       |       |       |       |       |       |     1 |     3 |     1 ||     5
         Held in net/web   |       |       |       |       |       |       |       |       |     1 ||     1
 Armour: Ring mail         |     6 |    63 |    19 |       |       |       |       |       |       ||    88
         Chain mail        |       |       |    63 |   139 |       |       |       |       |       ||   202
         Plate armour      |       |       |    13 |       |   413 |   514 |   346 |   408 |       ||  1694
         Scale mail        |       |       |       |    31 |     6 |       |       |       |       ||    37
         Crystal plate arm |       |       |       |       |       |       |       |     7 |   814 ||   821
  Dodge: Dodged            |    36 |    97 |    95 |   157 |   262 |   361 |   277 |   316 |   384 ||  1985
         Repelled          |       |       |       |       |    12 |    20 |    27 |       |    23 ||    82
  Block: Buckler           |       |       |       |     9 |   196 |   223 |       |       |       ||   428
         Tower shield      |       |       |       |       |       |   141 |    78 |       |       ||   219
         Kite shield       |       |       |       |       |       |    14 |   498 |   600 |  1074 ||  2186
         Reflection        |       |       |       |       |       |       |    21 |    33 |    26 ||    80

Levels and vault maps discovered:
D:1:      minmay_arrival_arboretum_small, layout_loops_corners,
          shapermc_ecumenical_altar_acropolis
D:2:      layout_basic, basic_altar
D:3:      minmay_door_path, layout_rooms, grunt_temple_overflow_forces_of_nature
D:4:      layout_loops_ring, elyvilon_altar_5, gammafunk_ghost_grave,
          serial_shops, nicolae_stop_n_shop_2
D:5:      layout_rooms, minmay_temple_entry_poolview,
          kennysheep_opposing_triangles
D:6:      layout_loops_ring
D:7:      layout_basic, vehumet_altar_wand_db, mainiacjoe_overflow_24_doors,
          serial_rivers, chequers_serial_rivers_micro_b,
          chequers_serial_rivers_micro_d, chequers_serial_rivers_small_a,
          chequers_serial_rivers_room_a, chequers_serial_rivers_micro_d,
          chequers_serial_rivers_small_b, enter_bailey_2
D:8:      layout_rooms
D:9:      layout_irregular_city, lemuel_blue_sif_altar, jmf_multi_god_temple2,
          uniq_joseph
D:10:     hellmonk_paralyzer, layout_small_grid, kennysheep_little_box,
          grunt_lair_entry_orc_guard_hut, grunt_decor_resistance,
          palyth_stone_intersect
D:11:     layout_long_grid, kennysheep_generic_room_12
D:12:     layout_irregular_city, david_orc_5, serial_shops,
          nicolae_shop_tiny_statue_garden, david_defended_altar_orc,
          uniq_jorgrun, uniq_josephine
D:13:     layout_basic, david_vaults_1
D:14:     nrook_guardian_serpent_snake_passage, layout_loops_ring,
          dreamdust_wishing_well
D:15:     hangedman_depths_entry_try_elsewhere_first, layout_irregular_city,
          nicolae_uskayaw_dance_hall, hangedman_abyss_or_decor_stabs
Lair:1:   layout_regular_city, ebering_ghost_funeral_grove, grunt_megastairs_1,
          lemuel_fruit_tree
Lair:2:   layout_regular_city, palyth_hydra_swamp_entry, gauntlet_entry_generic
Lair:3:   layout_gridlike, minmay_snake_entry_guardpost_medium,
          grunt_megastairs_5
Lair:4:   layout_regular_city, tgw_fedhas
Lair:5:   grunt_lair_end_beastmaster, layout_long_grid,
          minmay_slime_entry_jelly_boxes, portal_ice_cave_entry_imps,
          minmay_shattered_shrine, infiniplex_staircase_pool_2
Swamp:1:  layout_falls_marsh, evilmike_swamp_ruin_house_4, uniq_mlioglotl
Swamp:2:  layout_falls_marsh, evilmike_swamp_ruin_house_2, swamp_pool5,
          nicolae_swamp_well_well_well, uniq_aizul
Swamp:3:  layout_falls_marsh, gammafunk_ghost_split, evilmike_swamp_ruin_house_1
Swamp:4:  swamp, layout_basic_swamp
Snake:1:  layout_cave_shapes, serial_shops, nicolae_shop_pleasant_corner_grove,
          grunt_megastairs_2, minmay_shoptagon
Snake:2:  layout_layer_cave, lemuel_oklob_altar, serial_bayou_shore_a
Snake:3:  layout_rooms, minmay_snake_pond, grunt_megastairs_4,
          minmay_shop_grove, serial_bayou_shore_b, uniq_mara, uniq_vashnia
Snake:4:  hellmonk_snake_rune_quicksilver_temple, layout_rooms,
          serial_bayou_pond_d, uniq_agnes
Slime:1:  cheibrodos_slime_lost_civilization_10, layout_caves
Slime:2:  layout_caves
Slime:3:  layout_caves, nicolae_slime_phagocytosis
Slime:4:  layout_caves
Slime:5
Orc:1:    cheibrodos_orc_arena, layout_caves, uniq_snorg
Orc:2:    hellmonk_orc_salted, layout_caves
Elf:1:    layout_rooms, serial_shops, nicolae_shop_tiny_statue_garden,
          hellmonk_ghost_big_iron, hangedman_elven_crosses_minicolossus,
          wad_dig_loot
Elf:2:    nicolae_elf_blades_splatter_lattice [grunt_blade_entry_basic],
          layout_rooms, gammafunk_ghost_door_vault, serial_shops, shop,
          uniq_donald
Elf:3:    minmay_elf_hall_hex, layout_geoelf_grid
Vaults:1: v_misc_24, nicolae_vaults_weapon_check, nicolae_vaults_steering_wheel,
          vaults_room_stairs_pillars, nicolae_vaults_trapezoid_1,
          nicolae_vaults_double_plus_2, nicolae_vaults_mini_display_case,
          nicolae_vaults_double_plus_1, layout_vaults_chaotic_city
Vaults:2: v_pattern_4, nicolae_vaults_rhombus_5, v_misc_4,
          hangedman_vaults_stream, nicolae_vaults_lightning_bolt,
          minmay_crypt_entry_nasty_monster, vaults_room_pool,
          nicolae_vaults_closet_pinwheel_3, nicolae_vaults_more_shelving_2,
          nicolae_vaults_doubleplus_tesselated, grunt_vaults_hallway_short,
          vaults_room_door_ring, nicolae_vaults_house_2, layout_vaults_omnibox,
          uniq_margery, uniq_jory, uniq_asterion
Vaults:3: nicolae_vaults_swerve, v_misc_14, nicolae_vaults_big_angled_halls,
          nicolae_vaults_triangles, v_rooms_3, nicolae_vaults_cochlea,
          nicolae_vaults_surprise_closet, nicolae_vaults_tetromino_Z_1,
          nicolae_vaults_fighting_squares, v_misc_29,
          nicolae_vaults_heart-shaped_vault, layout_vaults_ring, serial_shops,
          shop, uniq_xtahua, uniq_bai_suzhen
Vaults:4: gammafunk_ghost_tricky_traps, nicolae_vaults_turnstiles,
          nicolae_vaults_meiosis, ontoclasm_vaults_fault, serial_ice_m,
          v_alt_pattern_4, nicolae_vaults_network_s,
          nicolae_vaults_heart-shaped_vault, nicolae_vaults_wrenched,
          nicolae_vaults_storage_closets_3, nicolae_vaults_little_squares_4,
          minmay_guarded_unrand_secular_launcher,
          nicolae_vaults_trapezoid_lopsided_4, grunt_vaults_focal,
          layout_vaults_maze, serial_shops, nicolae_shop_pleasant_corner_grove,
          uniq_zenata
Depths:1: layout_gridlike, hellmouth_1, serial_shops, bzr_entry_dummy,
          abyss_entry, serial_glass, glass_columns_a, glass_columns_b,
          glass_columns_c, glass_columns_b, glass_columns_a, glass_columns_b,
          minivault_12, grunt_megastairs_3
Depths:2: nicolae_hexawheel, layout_gridlike, hell_entry, skrybe_limestone_x,
          grunt_pan_entry_in_and_out
Depths:3: minmay_ambush_box, layout_gridlike, enter_ziggurat_f,
          hangedman_geh_valley, abyss_entry, tgw_xom,
          infiniplex_staircase_trident
Depths:4: grunt_zot_entry_tricorne, layout_honeycomb, hangedman_coc_ice_floe,
          minmay_misc_feat_columns
Zot:1:    layout_misc_corridors, hangedman_feature_mirror, st_stairs_8
Zot:2:    layout_onion
Zot:3:    layout_cathedral_of_symmetry
Zot:4:    layout_misc_corridors
Zot:5:    layout_misc_corridors

Notes
Turn   | Place    | Note
-------+----------+-------------------------------------------
     0 | D:1      | Ntrails the Formicid Berserker began the quest for the Orb.
     0 | D:1      | Reached XP level 1. HP: 18/18 MP: 1/1
     0 | D:1      | magus.rc [v1.11.6]
   368 | D:1      | Found a faded altar of an unknown god.
   462 | D:1      | Reached XP level 2. HP: 24/24 MP: 2/2
  1027 | D:2      | You add the spells Magic Dart, Call Imp and Mephitic Cloud
                  | to your library.
  1267 | D:2      | Reached XP level 3. HP: 16/29 MP: 3/3
  1511 | D:2      | Reached skill level 4 in Axes
  1629 | D:2      | Reached ** piety under Trog
  1639 | D:2      | Reached XP level 4. HP: 30/35 MP: 4/4
  1803 | D:2      | Found an ornate altar of the Wu Jian Council.
  2278 | D:3      | Found a stormy altar of Qazlal.
  2540 | D:3      | Found the +8 Wrath of Trog {antimagic, *Rage Rampage}
  2608 | D:2      | Reached skill level 5 in Axes
  2608 | D:2      | Reached XP level 5. HP: 34/41 MP: 5/5
  2814 | D:3      | You add the spells Sandblast, Passwall and Stone Arrow to
                  | your library.
  3137 | D:3      | Found a blossoming altar of Fedhas.
  3273 | D:4      | Noticed Demmmu's ghost (novice TrBe)
  3273 | D:4      | Found a runed translucent door.
  3388 | D:4      | HP: 9/41 [scorpion (2)]
  3391 | D:4      | Reached skill level 6 in Axes
  3391 | D:4      | Reached XP level 6. HP: 39/47 MP: 3/6
  3672 | D:4      | Noticed an ogre
  3987 | D:4      | Found a white marble altar of Elyvilon.
  4029 | D:4      | Found Tothresa's Weapon Shop.
  4194 | D:4      | Reached *** piety under Trog
  4511 | D:5      | Entered Level 5 of the Dungeon
  4736 | D:5      | Noticed an ogre
  4809 | D:4      | Killed an ogre
  4810 | D:4      | Reached skill level 7 in Axes
  4810 | D:4      | Reached skill level 3 in Armour
  4810 | D:4      | Reached XP level 7. HP: 53/53 MP: 7/7
  4945 | D:5      | Noticed a water moccasin
  4955 | D:5      | Killed a water moccasin
  4956 | D:5      | Reached skill level 4 in Fighting
  5213 | D:5      | Reached XP level 8. HP: 53/61 MP: 6/8
  5273 | D:5      | Found a staircase to the Ecumenical Temple.
  5554 | D:5      | Reached skill level 8 in Axes
  5554 | D:5      | Reached skill level 4 in Armour
  6061 | D:6      | Reached skill level 5 in Fighting
  6579 | D:6      | You add the spells Slow, Vampiric Draining and Confusing
                  | Touch to your library.
  6613 | D:6      | Reached skill level 5 in Armour
  6862 | D:7      | Found a radiant altar of Vehumet.
  6885 | D:7      | Reached skill level 9 in Axes
  7017 | D:7      | Reached XP level 9. HP: 68/68 MP: 3/9
  7030 | D:7      | Found a hide-covered altar of Uskayaw.
  7106 | D:7      | Found a flagged portal.
  7129 | Bailey   | Entered a bailey
  7246 | Bailey   | Reached skill level 6 in Armour
  7334 | Bailey   | Reached skill level 10 in Axes
  8104 | Bailey   | Reached **** piety under Trog
  8399 | Bailey   | You add the spells Necrotise, Summon Small Mammal and
                  | Apportation to your library.
  8482 | D:7      | Reached skill level 7 in Armour
  8722 | D:7      | Reached skill level 11 in Axes
  8778 | D:7      | Reached XP level 10. HP: 51/74 MP: 2/10
  9487 | D:8      | Reached skill level 8 in Armour
  9519 | D:8      | You add the spells Call Canine Familiar, Petrify and
                  | Spellforged Servitor to your library.
  9519 | D:8      | Got Sif Muna's Omnibus of Summoning and Therianthropy
                  | {forbidden}
  9539 | D:8      | You are sucked into a shaft and drop 3 floors!
  9560 | D:11     | Reached skill level 12 in Axes
  9661 | D:11     | Noticed a green ugly thing
  9678 | D:11     | Killed a green ugly thing
  9721 | D:11     | Noticed a cyclops
  9732 | D:11     | Killed a cyclops
  9784 | D:10     | Entered Level 10 of the Dungeon
  9806 | D:10     | Reached skill level 13 in Axes
 10086 | D:10     | Reached skill level 2 in Dodging
 10110 | D:10     | Noticed a komodo dragon
 10123 | D:10     | Killed a komodo dragon
 10124 | D:10     | Reached skill level 1 in Evocations
 10174 | D:10     | Found a staircase to the Lair.
 10317 | D:9      | Reached skill level 2 in Evocations
 10317 | D:9      | Reached XP level 11. HP: 70/80 MP: 2/11
 10881 | D:8      | Reached skill level 6 in Fighting
 10881 | D:8      | Reached skill level 3 in Evocations
 11159 | D:9      | Found a large runed translucent door.
 11160 | D:9      | Found a large runed translucent door.
 11320 | D:9      | Found a shimmering blue altar of Sif Muna.
 11380 | D:9      | You add the spells Ensorcelled Hibernation, Spider Form and
                  | Anguish to your library.
 11411 | D:9      | Noticed Joseph
 11423 | D:9      | Killed Joseph
 11424 | D:9      | Reached skill level 9 in Armour
 11428 | D:9      | You add the spells Cigotuvi's Dreadful Rot, Dispel Undead
                  | and Death Channel to your library.
 11690 | D:9      | Found a burning altar of Makhleb.
 11696 | D:9      | Found a snail-covered altar of Cheibriados.
 11703 | D:9      | Reached skill level 4 in Evocations
 12115 | D:10     | Found a bloodstained altar of Trog.
 12164 | D:10     | Noticed an ogre mage
 12194 | D:10     | Killed an ogre mage
 12219 | D:10     | Reached skill level 7 in Fighting
 12272 | D:10     | Reached skill level 5 in Evocations
 12510 | D:10     | You add the spells Frozen Ramparts, Ice Form and Summon Ice
                  | Beast to your library.
 12599 | D:11     | Reached XP level 12. HP: 62/91 MP: 4/12
 12871 | D:11     | Reached skill level 14 in Axes
 13081 | Lair:1   | Entered Level 1 of the Lair of Beasts
 13092 | Lair:1   | Reached skill level 10 in Armour
 13096 | Lair:1   | Reached skill level 8 in Fighting
 13096 | Lair:1   | Reached skill level 1 in Shields
 13156 | Lair:1   | Found a runed translucent door.
 13165 | Lair:1   | Reached skill level 6 in Evocations
 13171 | Lair:1   | Identified the +1 trident "Hody" {heavy, rPois rC- rN+++
                  | MP+9}
 13173 | Lair:1   | Noticed septik's ghost (journeyman MiBe)
 13246 | Lair:1   | Reached skill level 2 in Shields
 13611 | Lair:1   | Reached skill level 3 in Shields
 13686 | Lair:1   | Noticed a death yak
 13686 | Lair:1   | Noticed a death yak
 13686 | Lair:1   | Noticed a death yak
 13700 | Lair:1   | Noticed a death yak
 13701 | Lair:1   | Noticed a death yak
 13706 | Lair:1   | Killed a death yak
 13712 | Lair:1   | Killed a death yak
 13713 | Lair:1   | Reached skill level 4 in Shields
 13716 | Lair:1   | You are sucked into a shaft and drop 1 floor!
 13825 | Lair:2   | Reached skill level 9 in Fighting
 13882 | Lair:2   | Reached skill level 5 in Shields
 13930 | Lair:2   | Found a gate leading to a gauntlet.
 13936 | Gauntlet | Entered a Gauntlet
 13936 | Gauntlet | Found a transporter.
 13942 | Gauntlet | Noticed a fire crab
 13950 | Gauntlet | Found a transporter.
 13953 | Gauntlet | Found a transporter.
 13954 | Gauntlet | Found a transporter.
 13962 | Gauntlet | Found a transporter.
 13965 | Gauntlet | Found a transporter.
 13966 | Gauntlet | Found a transporter.
 13975 | Gauntlet | Found a transporter.
 13977 | Gauntlet | Found a transporter.
 13978 | Gauntlet | Found a transporter.
 13990 | Gauntlet | Found a transporter.
 13991 | Gauntlet | Found a transporter.
 13995 | Gauntlet | Found a transporter.
 13995 | Gauntlet | Found a runed translucent door.
 13996 | Gauntlet | Found a runed translucent door.
 13999 | Gauntlet | Found a transporter.
 14000 | Gauntlet | Noticed a death drake
 14302 | Gauntlet | Gained mutation: Your spells are a little harder to cast,
                  | but a little more powerful. [potion of mutation]
 14302 | Gauntlet | Gained mutation: You are strong-willed. (Will+) [potion of
                  | mutation]
 14302 | Gauntlet | Gained mutation: Your system is resistant to poisons.
                  | (rPois) [potion of mutation]
 14302 | Gauntlet | Gained mutation: You are robust. (+10% HP) [potion of
                  | mutation]
 14315 | Gauntlet | Killed a fire crab
 14316 | Gauntlet | Reached skill level 7 in Evocations
 14468 | Gauntlet | Reached skill level 10 in Fighting
 14569 | Gauntlet | Identified the -2 helmet of Classification {Str+2 Stlth+}
 14616 | Gauntlet | Killed a death drake
 14622 | Gauntlet | Reached XP level 13. HP: 52/111 MP: 2/13
 14834 | Gauntlet | Noticed a minotaur
 14953 | Gauntlet | Killed a minotaur
 14961 | Gauntlet | Identified the +5 long sword of the Morning {vamp, Fragile
                  | Will+++ Str+7 Int+2}
 14961 | Gauntlet | Identified the ring of Pafaewan {Fly rC+}
 14962 | Gauntlet | You add the spells Fireball and Shatter to your library.
 14962 | Gauntlet | Got the Teachings on the Sweltering Geologist {forbidden}
 14962 | Gauntlet | You add the spells Shock, Searing Ray and Iskenderun's
                  | Mystic Blast to your library.
 14962 | Gauntlet | Got the Parchment of the Discharge and Astrapomancy
                  | {forbidden}
 15472 | Lair:1   | You are sucked into a shaft and drop 1 floor!
 15716 | D:10     | Reached skill level 11 in Fighting
 15716 | D:10     | Reached skill level 8 in Evocations
 16573 | Lair:2   | Noticed a five-headed hydra
 16583 | Lair:2   | Killed a five-headed hydra
 16640 | Lair:2   | Noticed a five-headed hydra
 16646 | Lair:2   | Killed a five-headed hydra
 16647 | Lair:2   | Reached skill level 15 in Axes
 16661 | Lair:2   | Reached skill level 6 in Shields
 16730 | Lair:2   | Found a staircase to the Swamp.
 17116 | Lair:3   | Reached skill level 9 in Evocations
 17119 | Lair:3   | Reached ***** piety under Trog
 17327 | Lair:2   | Reached skill level 7 in Shields
 17566 | Lair:3   | Reached XP level 14. HP: 97/125 MP: 3/14
 17802 | Lair:3   | Reached skill level 11 in Armour
 17867 | Lair:3   | Found a staircase to the Snake Pit.
 18284 | Lair:3   | Reached skill level 12 in Fighting
 18319 | Lair:3   | You are sucked into a shaft and drop 1 floor!
 18619 | Lair:4   | Reached skill level 8 in Shields
 19506 | Lair:4   | Reached skill level 10 in Evocations
 19802 | Lair:4   | Reached skill level 9 in Shields
 20368 | Lair:4   | Found a blossoming altar of Fedhas.
 20506 | Lair:4   | magus.rc [v1.11.6]
 20506 | Lair:4   | magus.rc [v1.11.6]
 20507 | Lair:5   | Entered Level 5 of the Lair of Beasts
 20514 | Lair:5   | magus.rc [v1.11.6]
 20668 | Lair:5   | Reached skill level 12 in Armour
 20687 | Lair:5   | You add the spells Sublimation of Blood and Irradiate to
                  | your library.
 20790 | Lair:5   | Found a staircase to the Slime Pits.
 20822 | Lair:5   | Reached XP level 15. HP: 98/134 MP: 3/15
 20924 | Lair:5   | Found a frozen archway.
 20944 | Lair:5   | Reached skill level 16 in Axes
 20954 | IceCv    | Entered an ice cave
 20988 | IceCv    | Noticed a quicksilver ooze
 21001 | IceCv    | Killed a quicksilver ooze
 21457 | IceCv    | Reached skill level 13 in Fighting
 21480 | IceCv    | Reached skill level 10 in Shields
 21677 | IceCv    | Received a gift from Trog
 21744 | IceCv    | Reached skill level 11 in Evocations
 21772 | IceCv    | Noticed a quicksilver ooze
 21780 | IceCv    | Killed a quicksilver ooze
 21835 | IceCv    | Found a viscous altar of Jiyva.
 21835 | IceCv    | Noticed an azure jelly
 21848 | IceCv    | Killed an azure jelly
 21960 | IceCv    | Identified the amulet "Penwan" {Acrobat rC+ Will+}
 21975 | IceCv    | You add the spells Summon Lightning Spire, Storm Form and
                  | Maxwell's Capacitive Coupling to your library.
 22104 | Lair:5   | You add the spells Iskenderun's Battlesphere, Conjure Ball
                  | Lightning and Orb of Destruction to your library.
 23410 | Lair:5   | Identified the +2 pair of boots of the Five Defenders
                  | {Will++ Str+3}
 23428 | Lair:5   | Identified the ring "Rehuet" {rElec Str+6}
 23658 | D:12     | Found Tonnek's Antique Weapon Shoppe.
 23722 | D:12     | Found a staircase to the Orcish Mines.
 23786 | D:12     | Reached ****** piety under Trog
 23787 | D:12     | Reached skill level 13 in Armour
 23877 | D:12     | Noticed Jorgrun
 23884 | D:12     | Killed Jorgrun
 23919 | D:12     | Received a gift from Trog
 24128 | D:12     | Noticed Josephine
 24159 | D:12     | Killed Josephine
 24341 | D:12     | Reached skill level 12 in Evocations
 24412 | D:12     | Reached skill level 14 in Fighting
 24657 | Orc:1    | Entered Level 1 of the Orcish Mines
 24790 | Orc:2    | Entered Level 2 of the Orcish Mines
 24874 | Orc:2    | Found a staircase to the Elven Halls.
 25139 | Orc:1    | Reached XP level 16. HP: 126/146 MP: 5/16
 25142 | Orc:1    | Noticed Snorg
 25159 | Orc:1    | Killed Snorg
 26032 | Orc:1    | Reached skill level 17 in Axes
 26633 | Orc:2    | Received a gift from Trog
 26769 | Orc:2    | Found Huisan's Armour Shop.
 26816 | Orc:2    | Reached skill level 13 in Evocations
 26892 | Orc:2    | Found Yckigguz's Jewellery Shoppe.
 26896 | Orc:2    | Found Coiroic's Antique Armour Shoppe.
 26962 | Orc:2    | Found Daluosai's Antique Armour Shoppe.
 27005 | Orc:2    | Bought a pair of bloodstained gloves for 380 gold pieces
 27005 | Orc:2    | Identified the +0 pair of gloves of Qarocayn {rElec rC+}
                  | (You bought it in a shop on level 2 of the Orcish Mines)
 27262 | D:12     | magus.rc [v1.11.6]
 27329 | D:13     | Reached skill level 15 in Fighting
 27490 | D:13     | Found a gate to the Vaults.
 28047 | D:14     | Reached skill level 18 in Axes
 29229 | D:15     | Entered Level 15 of the Dungeon
 29580 | D:15     | Reached XP level 17. HP: 138/156 MP: 5/17
 29737 | D:15     | Reached skill level 19 in Axes
 30551 | D:15     | Found a hide-covered altar of Uskayaw.
 30907 | D:4      | Killed Demmmu's ghost
 31098 | Lair:1   | You fall into a shaft and drop 1 floor!
 31140 | Lair:1   | You fall into a shaft and drop 1 floor!
 31246 | Lair:1   | Killed septik's ghost
 31246 | Lair:1   | Received a gift from Trog
 31851 | Swamp:1  | Entered Level 1 of the Swamp
 32213 | Swamp:1  | Identified a scroll of acquirement
 32316 | Swamp:1  | Noticed Mlioglotl
 32332 | Swamp:1  | Killed Mlioglotl
 32730 | Swamp:1  | Acquired a manual of Armour
 32778 | Swamp:2  | Noticed Aizul
 32797 | Swamp:1  | Killed Aizul
 32946 | Swamp:2  | Reached skill level 1 in Throwing
 32952 | Swamp:2  | Reached skill level 20 in Axes
 33337 | Swamp:2  | Reached skill level 2 in Throwing
 33617 | Swamp:2  | Identified the +3 ring mail "Eleorifu" {rElec SInv}
 33753 | Swamp:2  | You add the spells Summon Mana Viper and Monstrous
                  | Menagerie to your library.
 33765 | Swamp:2  | Identified the +1 robe "Idystrep" {rPois Str+3 Stlth+}
 34012 | Swamp:3  | Noticed a thorn hunter
 34068 | Swamp:3  | HP: 29/156 [thorn hunter/volley of thorns (35)]
 34070 | Swamp:3  | Killed a thorn hunter
 34367 | Swamp:3  | Found a runed translucent gate.
 34368 | Swamp:3  | Found a runed translucent gate.
 34369 | Swamp:3  | Found a runed translucent gate.
 34369 | Swamp:3  | Noticed Ricegish's ghost (adept GnFi)
 34371 | Swamp:3  | Noticed a thorn hunter
 34385 | Swamp:3  | You add the spell Alistair's Intoxication to your library.
 34586 | Swamp:3  | Found the +6 lightning scales {swift, rElec}
 34653 | Swamp:3  | Reached skill level 3 in Throwing
 34824 | Swamp:3  | You add the spell Agony to your library.
 35061 | Swamp:4  | Entered Level 4 of the Swamp
 35180 | Swamp:4  | Reached skill level 14 in Armour
 35312 | Swamp:3  | Reached skill level 11 in Shields
 35435 | Swamp:4  | Reached XP level 18. HP: 152/163 MP: 6/18
 35629 | Swamp:4  | Received a gift from Trog
 36015 | Swamp:3  | Reached skill level 4 in Throwing
 36503 | Swamp:4  | magus.rc [v1.11.6]
 37017 | Swamp:4  | Got a decaying rune of Zot
 37454 | Snake:1  | Entered Level 1 of the Snake Pit
 37489 | Snake:1  | Reached skill level 14 in Evocations
 37849 | Snake:1  | Reached skill level 15 in Armour
 37981 | Snake:1  | Reached skill level 5 in Throwing
 38094 | Snake:1  | Reached skill level 12 in Shields
 38309 | Snake:1  | Reached skill level 16 in Fighting
 38362 | Snake:1  | Identified a +2 robe of the Archmagi
 38526 | Snake:1  | Found Guemal's Magic Scroll Shoppe.
 38542 | Snake:1  | Found Ireciask's General Store.
 38548 | Snake:1  | Bought a scroll of identify for 30 gold pieces
 38548 | Snake:1  | Bought a potion of heal wounds for 75 gold pieces
 38555 | Snake:1  | Bought a scroll of magic mapping for 120 gold pieces
 38555 | Snake:1  | Bought a scroll of identify for 32 gold pieces
 38555 | Snake:1  | Bought a scroll of identify for 32 gold pieces
 38555 | Snake:1  | Bought a scroll of immolation for 64 gold pieces
 38697 | Snake:1  | Found Utsuug's General Store.
 38705 | Snake:1  | Bought a potion of might for 72 gold pieces
 38705 | Snake:1  | Bought a potion of attraction for 54 gold pieces
 38705 | Snake:1  | Bought a potion of cancellation for 144 gold pieces
 38705 | Snake:1  | Bought a potion of heal wounds for 90 gold pieces
 39050 | Snake:2  | Found a glowing golden altar of the Shining One.
 39166 | Snake:2  | Identified the +3 hand axe "Wichuewk" {flame, Stlth+} (Trog
                  | gifted it to you on level 2 of the Snake Pit)
 39166 | Snake:2  | Received a gift from Trog
 39416 | Snake:2  | Reached skill level 13 in Shields
 39430 | Snake:2  | magus.rc [v1.11.6]
 39729 | Snake:2  | Reached skill level 6 in Throwing
 40205 | Snake:2  | Reached XP level 19. HP: 172/172 MP: 6/19
 40360 | Snake:3  | Noticed Vashnia
 40365 | Snake:3  | Noticed Mara
 41445 | Snake:3  | Reached skill level 16 in Armour
 41908 | Snake:3  | Killed Vashnia
 41909 | Snake:3  | Reached skill level 14 in Shields
 42266 | Snake:3  | Found Fekaun's Book Shoppe.
 42266 | Snake:3  | Found Sicrauh's Jewellery Boutique.
 42267 | Snake:3  | Found Golof's Book Shoppe.
 42272 | Snake:3  | You add the spells Freeze and Hailstorm to your library.
 42335 | Snake:3  | You are sucked into a shaft and drop 1 floor!
 42335 | Snake:4  | Entered Level 4 of the Snake Pit
 42622 | Snake:4  | Reached skill level 7 in Throwing
 42673 | Snake:4  | Noticed Agnes
 42680 | Snake:4  | Killed Agnes
 42680 | Snake:4  | HP: 41/174 [salamander tyrant (7)]
 42685 | Snake:4  | HP: 37/174 [poisoned by Agnes]
 42688 | Snake:4  | HP: 18/174 [salamander mystic/lance of force (21)]
 42694 | Snake:4  | HP: 36/174 [salamander mystic/bolt of magma (13)]
 42699 | Snake:4  | HP: 40/174 [salamander/+0 halberd (3)]
 43302 | Snake:3  | Noticed Ntrails's illusion
 43538 | Snake:3  | Noticed Ntrails's illusion
 43552 | Snake:3  | Killed Mara
 43553 | Snake:3  | Reached skill level 15 in Shields
 43553 | Snake:3  | Reached skill level 15 in Evocations
 44386 | Snake:4  | Received a gift from Trog
 44390 | Snake:4  | D - a +1 antimagic executioner's axe {rare}
 44439 | Snake:4  | Reached skill level 17 in Fighting
 44477 | Snake:4  | Reached skill level 8 in Throwing
 44855 | Snake:4  | Got a serpentine rune of Zot
 45179 | Lair:3   | magus.rc [v1.11.6]
 45292 | Elf:1    | Entered Level 1 of the Elven Halls
 45292 | Elf:1    | Found Daujaole's Antique Weapon Shop.
 45318 | Elf:1    | Reached XP level 20. HP: 164/187 MP: 6/20
 45329 | Elf:1    | Reached skill level 18 in Fighting
 45556 | Elf:1    | Received a gift from Trog
 45579 | Orc:2    | magus.rc [v1.11.6]
 45704 | Elf:1    | You add the spells Inner Flame, Yara's Violent Unravelling
                  | and Enfeeble to your library.
 45738 | Elf:1    | Noticed wjchen's ghost (adept MiFi)
 45762 | Elf:1    | Found a runed translucent door.
 45939 | Elf:1    | Reached skill level 19 in Fighting
 46420 | Elf:2    | Received a gift from Trog
 46495 | Elf:2    | Found Eraamao's Magic Scroll Shoppe.
 46495 | Elf:2    | Found a huge runed gate.
 46495 | Elf:2    | Found a huge runed gate.
 46495 | Elf:2    | Found a huge runed gate.
 46495 | Elf:2    | Found a huge runed gate.
 46496 | Elf:2    | Found a huge runed gate.
 46496 | Elf:2    | Found a huge runed gate.
 46710 | Elf:2    | Reached skill level 20 in Fighting
 46903 | Elf:2    | Found a runed translucent gate.
 46903 | Elf:2    | Found a runed translucent gate.
 46934 | Elf:2    | Found a runed translucent gate.
 46992 | Elf:2    | Found a huge runed gate.
 46992 | Elf:2    | Found a huge runed gate.
 46993 | Elf:2    | Found a huge runed gate.
 46994 | Elf:2    | Found a huge runed gate.
 46995 | Elf:2    | Found a huge runed gate.
 47015 | Elf:2    | You add the spells Static Discharge and Airstrike to your
                  | library.
 47029 | Elf:2    | Found a huge runed gate.
 47029 | Elf:2    | Found a huge runed gate.
 47029 | Elf:2    | Found a huge runed gate.
 47029 | Elf:2    | Found a huge runed gate.
 47029 | Elf:2    | Found a huge runed gate.
 47030 | Elf:2    | Found a huge runed gate.
 47030 | Elf:2    | Found a huge runed gate.
 47030 | Elf:2    | Found a huge runed gate.
 47030 | Elf:2    | Found a huge runed gate.
 47030 | Elf:2    | Found a huge runed gate.
 47030 | Elf:2    | Found a huge runed gate.
 47030 | Elf:2    | Noticed Donald
 47031 | Elf:2    | Found a huge runed gate.
 47031 | Elf:2    | Found a huge runed gate.
 47042 | Elf:2    | Killed Donald
 47050 | Elf:2    | Received a gift from Trog
 47178 | Elf:2    | Found a huge runed gate.
 47186 | Elf:2    | Found a huge runed gate.
 47186 | Elf:2    | Found a huge runed gate.
 47186 | Elf:2    | Found a huge runed gate.
 47186 | Elf:2    | Found a huge runed gate.
 47186 | Elf:2    | Found a huge runed gate.
 47188 | Elf:2    | Found a huge runed gate.
 47189 | Elf:2    | Found a huge runed gate.
 47190 | Elf:2    | Found a huge runed gate.
 47191 | Elf:2    | Found a huge runed gate.
 47199 | Elf:2    | Found a huge runed gate.
 47199 | Elf:2    | Found a huge runed gate.
 47607 | Elf:2    | Reached skill level 21 in Fighting
 47609 | Elf:2    | HP: 48/198 [+2 halberd of flaming (18)]
 47617 | Elf:2    | HP: 47/198 [fire elemental[a deep elf pyromancer] (1)]
 48153 | Elf:3    | Entered Level 3 of the Elven Halls
 48243 | Elf:3    | Reached XP level 21. HP: 204/204 MP: 7/21
 48321 | Elf:2    | Bought a scroll of fear for 68 gold pieces
 48321 | Elf:2    | Bought 3 scrolls of butterflies for 204 gold pieces
 48321 | Elf:2    | Bought a scroll of acquirement for 884 gold pieces
 48321 | Elf:2    | Bought a scroll of fog for 68 gold pieces
 48321 | Elf:2    | Bought a scroll of magic mapping for 127 gold pieces
 48321 | Elf:2    | Bought a scroll of immolation for 68 gold pieces
 48321 | Elf:2    | Acquired the +7 lajatang of Order {silver, rMut}
 48321 | Elf:2    | Found the +7 lajatang of Order {silver, rMut}
 49309 | Elf:3    | Reached skill level 3 in Dodging
 49538 | Elf:3    | Received a gift from Trog
 50054 | Elf:3    | Identified the +0 plate armour "Nusac" {rElec rC+ MP-9
                  | Slay+3}
 50080 | Elf:3    | Reached skill level 4 in Dodging
 50309 | Elf:3    | Reached skill level 17 in Armour
 50548 | Elf:3    | You add the spells Animate Dead, Haunt and Infestation to
                  | your library.
 50617 | Elf:3    | You add the spell Iron Shot to your library.
 50642 | Elf:3    | Identified the staff of earth "Gare Test" {rElec rC+
                  | Stlth+}
 50645 | Elf:3    | Found the +3 pair of seven-league boots {Rampage+∞}
 50648 | Elf:3    | Identified the staff of death "Esomuw" {rF- rC+++ rN+ rCorr
                  | Str-2}
 50660 | Elf:3    | You add the spell Borgnjor's Vile Clutch to your library.
 50696 | Elf:3    | You add the spells Volatile Blastmotes, Fulminant Prism and
                  | Lee's Rapid Deconstruction to your library.
 50715 | Elf:3    | Identified the ring of the Skies Above {*Slow rElec rN+
                  | EV+5}
 50718 | Elf:3    | Identified the +3 fire dragon scales "Jinkadde" {Drain
                  | rPois rF++ rC- Will+++ MP+9}
 50721 | Elf:3    | You add the spells Momentum Strike and Lesser Beckoning to
                  | your library.
 51042 | Elf:2    | Noticed LLlMATKO's ghost (adept MiBe)
 51042 | Elf:2    | Noticed TrebMcFLY's ghost (adept DECj)
 51042 | Elf:2    | Noticed Metae's ghost (adept MiFi)
 51042 | Elf:2    | Noticed ioannis32's ghost (adept DsBe)
 51042 | Elf:2    | Noticed HumbleHazard's ghost (adept HOFi)
 51043 | Elf:2    | Noticed Termiter's ghost (adept DsNe)
 51043 | Elf:2    | Noticed foufou10's ghost (journeyman MiBe)
 51043 | Elf:2    | Noticed HumbleHazard's ghost (journeyman HOFi)
 51045 | Elf:2    | You are sucked into a shaft and drop 1 floor!
 51179 | Elf:2    | Killed HumbleHazard's ghost
 51209 | Elf:2    | Killed Termiter's ghost
 51210 | Elf:2    | Reached skill level 16 in Shields
 51401 | Elf:2    | Killed LLlMATKO's ghost
 51548 | Elf:2    | Noticed Borgoz's ghost (adept GrBe)
 51550 | Elf:2    | Identified the +8 rapier "Geteepru" {elec, rF+ Str+6 Dex+2}
 51777 | Elf:2    | Killed ioannis32's ghost
 51840 | Elf:2    | Killed foufou10's ghost
 51913 | Elf:2    | Killed HumbleHazard's ghost
 52004 | Elf:2    | Killed TrebMcFLY's ghost
 52010 | Elf:2    | Received a gift from Trog
 52096 | Elf:1    | Killed Borgoz's ghost
 52335 | Elf:2    | Identified the amulet of Xom's Recklessness {Drain rF+
                  | Regen+ Str+6 Stlth+}
 52336 | Elf:2    | Identified the staff of earth "Puguumio" {rCorr Dex+6}
 52338 | Elf:2    | You add the spells Ignite Poison and Freezing Cloud to your
                  | library.
 52421 | Elf:1    | You are sucked into a shaft and drop 1 floor!
 52557 | Elf:2    | Killed Metae's ghost
 52623 | Elf:1    | Killed wjchen's ghost
 52735 | Elf:1    | You add the spells Leda's Liquefaction and Lehudib's
                  | Crystal Spear to your library.
 52735 | Elf:1    | Got the Secrets of Breccia {forbidden}
 53143 | D:13     | You drop a +1 antimagic executioner's axe {rare}.
 53152 | Vaults:1 | Entered Level 1 of the Vaults
 53161 | Vaults:1 | Reached skill level 5 in Dodging
 53429 | Vaults:1 | You add the spells Beastly Appendage and Wereblood to your
                  | library.
 53653 | Lair:2   | magus.rc [v1.11.6]
 53966 | Vaults:1 | Reached skill level 16 in Evocations
 53969 | Vaults:1 | Reached XP level 22. HP: 200/203 MP: 4/22
 54117 | Vaults:1 | Reached skill level 17 in Shields
 54269 | Vaults:1 | Reached skill level 18 in Armour
 54644 | Vaults:1 | Reached skill level 22 in Fighting
 54915 | Vaults:1 | magus.rc [v1.11.6]
 54986 | Vaults:2 | Reached skill level 18 in Shields
 55092 | Vaults:2 | Noticed Jory
 55095 | Vaults:2 | Received a gift from Trog
 55441 | Vaults:2 | magus.rc [v1.11.6]
 55480 | Vaults:2 | Reached skill level 19 in Armour
 55612 | Vaults:2 | Killed Jory
 55615 | Vaults:2 | magus.rc [v1.11.6]
 55803 | Vaults:2 | Reached skill level 19 in Shields
 56150 | Vaults:2 | Noticed Margery
 56179 | Vaults:2 | Killed Margery
 56219 | Vaults:2 | Noticed Asterion
 56226 | Vaults:2 | magus.rc [v1.11.6]
 56226 | Vaults:2 | magus.rc [v1.11.6]
 56247 | Vaults:2 | Killed Asterion
 56379 | Vaults:2 | Reached skill level 20 in Shields
 56557 | Vaults:2 | Received a gift from Trog
 56612 | Vaults:2 | Reached skill level 20 in Armour
 56699 | Vaults:2 | Noticed a bone dragon
 56721 | Vaults:2 | Killed a bone dragon
 56742 | Vaults:2 | Found a staircase to the Crypt.
 56953 | Vaults:3 | Noticed Xtahua
 56957 | Vaults:2 | Aim: a vault warden, wielding a +4 long sword and wearing a
                  | +0 plate armour (strong, about 22% to evade the +8 Wrath of
                  | Trog)
 56957 | Vaults:2 | Aim: a vault warden, wielding a +4 long sword and wearing a
                  | +0 plate armour (strong, about 22% to evade the +8 Wrath of
                  | Trog)
 56960 | Vaults:2 | Killed Xtahua
 57038 | Vaults:3 | magus.rc [v1.11.6]
 57209 | Vaults:3 | Reached skill level 21 in Armour
 57227 | Vaults:3 | Noticed Bai Suzhen
 57259 | Vaults:3 | Killed Bai Suzhen
 57260 | Vaults:3 | Reached XP level 23. HP: 179/222 MP: 4/23
 57762 | Vaults:3 | Received a gift from Trog
 57929 | Vaults:3 | magus.rc [v1.11.6]
 58096 | Vaults:3 | Reached skill level 22 in Armour
 58472 | Vaults:3 | Found Weozaf's Weapon Boutique.
 58547 | Vaults:4 | Noticed Zenata
 58557 | Vaults:4 | Killed Zenata
 58596 | Vaults:4 | Reached skill level 21 in Shields
 58604 | Vaults:4 | Reached skill level 9 in Throwing
 58682 | Vaults:4 | a +3 triple sword of draining {rare}; a +2 ring mail of
                  | poison resistance; the human corpse of Zenata
 58685 | Vaults:4 | a +3 triple sword of draining {rare}; a +2 ring mail of
                  | poison resistance; the human corpse of Zenata
 58795 | Vaults:4 | Received a gift from Trog
 58964 | Vaults:4 | Found Miweofo's Armour Emporium.
 59328 | Vaults:4 | Reached XP level 24. HP: 226/233 MP: 4/23
 59458 | Vaults:4 | Found a runed translucent gate.
 59459 | Vaults:4 | Found a runed translucent gate.
 59459 | Vaults:4 | Found a runed translucent gate.
 59461 | Vaults:4 | Noticed Getoffmy's ghost (veteran GrFi)
 59463 | Vaults:4 | Identified the +2 flail of Honesty {elec, *Rage Fly rF++
                  | rN+}
 59559 | Vaults:4 | Found the +27 heavy crossbow "Sniper" {heavy, Acc+∞ SInv}
 59703 | Vaults:4 | a +2 ring mail of poison resistance; a +3 triple sword of
                  | draining {rare}
 59825 | Vaults:4 | Reached skill level 17 in Evocations
 59887 | Vaults:4 | HP: 58/233 [enormous slime creature (74)]
 59905 | Vaults:4 | Received a gift from Trog
 60573 | D:13     | the +7 lajatang of Order {silver, rMut}; a +1 antimagic
                  | executioner's axe {rare}
 60629 | Depths:1 | Entered Level 1 of the Depths
 60636 | Depths:1 | Reached skill level 10 in Throwing
 60646 | Depths:1 | Reached skill level 22 in Shields
 60729 | Depths:1 | Found a one-way gate to the infinite horrors of the Abyss.
 60815 | Depths:1 | Found a flickering gateway to a bazaar.
 60837 | Bazaar   | Entered a bazaar
 60837 | Bazaar   | Found Meshrev's Distillery.
 60837 | Bazaar   | Found Kidolat's Distillery.
 60869 | Bazaar   | Found Emnabbee's General Store.
 60904 | Bazaar   | Found Ustan's General Store.
 60912 | Bazaar   | Bought a scroll of fog for 48 gold pieces
 60912 | Bazaar   | Bought the +5 plate armour "Kijawk" {*Slow rN+ Str+4
                  | Slay+2} for 844 gold pieces
 60912 | Bazaar   | Bought 2 potions of curing for 72 gold pieces
 60935 | Bazaar   | Bought a potion of curing for 33 gold pieces
 60935 | Bazaar   | Bought a potion of invisibility for 88 gold pieces
 60935 | Bazaar   | Bought 2 potions of curing for 66 gold pieces
 60935 | Bazaar   | Bought a potion of curing for 33 gold pieces
 60935 | Bazaar   | Bought 2 potions of attraction for 66 gold pieces
 60948 | Bazaar   | Bought a potion of might for 44 gold pieces
 61034 | Depths:1 | Identified the +2 scale mail of Oheehev {Dex+6}
 61062 | Depths:1 | Noticed a juggernaut
 61062 | Depths:1 | Noticed a golden dragon
 61073 | Depths:1 | Noticed a golden dragon
 61314 | Depths:1 | Received a gift from Trog
 61694 | Depths:1 | Found a gateway to Hell.
 61699 | Depths:1 | Reached skill level 23 in Fighting
 62121 | Depths:2 | Found a one-way gate leading to the halls of Pandemonium.
 62695 | Depths:2 | Reached skill level 11 in Throwing
 62769 | Depths:2 | Acquired the +12 crystal plate armour "Joiwn" {rElec rPois
                  | Stlth-}
 62771 | Depths:2 | G - the +12 crystal plate armour "Joiwn" {rElec rPois
                  | Stlth-, rare}
 62798 | Depths:1 | You finish putting on the +12 crystal plate armour "Joiwn"
                  | {rElec rPois Stlth-, rare}.
 62844 | Depths:2 | Reached XP level 25. HP: 243/243 MP: 2/23
 62847 | Depths:2 | Reached skill level 21 in Axes
 63067 | Depths:2 | Received a gift from Trog
 63466 | Depths:3 | Noticed a caustic shrike
 63484 | Depths:2 | Killed a caustic shrike
 63680 | Depths:2 | Reached skill level 18 in Evocations
 63814 | Depths:3 | Identified the ring of the Histrionic Lemon {Wiz Dex+3}
 64244 | Depths:3 | Found a one-way gateway to a ziggurat.
 64548 | Depths:3 | Received a gift from Trog
 64881 | Depths:3 | Found a shimmering altar of Xom.
 65049 | Depths:4 | Entered Level 4 of the Depths
 65242 | Depths:4 | Found a gate to the Realm of Zot.
 65259 | Depths:4 | Reached skill level 12 in Throwing
 65628 | Depths:4 | Reached skill level 22 in Axes
 66573 | Slime:1  | Entered Level 1 of the Pits of Slime
 66948 | Slime:2  | Received a gift from Trog
 66949 | Slime:2  | Reached skill level 1 in Staves
 67074 | Slime:1  | Reached XP level 26. HP: 179/254 MP: 7/23
 67742 | Slime:4  | Reached skill level 2 in Staves
 67910 | Slime:5  | Entered Level 5 of the Pits of Slime
 68431 | Slime:5  | magus.rc [v1.11.6]
 68533 | Slime:5  | Reached skill level 3 in Staves
 68588 | Slime:5  | Noticed the Royal Jelly
 68743 | Slime:5  | Reached skill level 24 in Fighting
 68816 | Slime:5  | magus.rc [v1.11.6]
 69006 | Slime:5  | Found a viscous altar of Jiyva.
 69012 | Slime:5  | Found the +3 pair of mountain boots {steadfast, rC+}
 69056 | Slime:5  | Killed the Royal Jelly
 69057 | Slime:5  | Reached skill level 19 in Evocations
 69181 | Slime:5  | Identified the +4 lajatang of Fiunyud {drain, rF- rC++
                  | Will+ Str+3}
 69214 | Slime:5  | You add the spell Cause Fear to your library.
 69221 | Slime:5  | Got Diox's Guidebook on Tectonic Zombies {forbidden}
 69244 | Slime:5  | Got a slimy rune of Zot
 69249 | Slime:5  | Identified the +1 scale mail of Nihilism {rF- Dex+2 Stlth+}
 69777 | D:13     | a +2 antimagic war axe; a +1 antimagic executioner's axe
                  | {rare}
 70035 | Depths:4 | +0 storm dragon scales {rare}; a +0 scimitar; a +0 halberd
 70042 | Zot:1    | Entered Level 1 of the Realm of Zot
 70094 | Depths:4 | Reached skill level 4 in Staves
 70332 | Zot:1    | Reached skill level 13 in Throwing
 70462 | Zot:1    | magus.rc [v1.11.6]
 70881 | Zot:1    | Found a snail-covered altar of Cheibriados.
 70916 | Zot:1    | Found a snail-covered altar of Cheibriados.
 70970 | Zot:1    | +0 shadow dragon scales {rare}; a +0 cloak; a +0 long sword
 70983 | Depths:4 | +0 storm dragon scales {rare}; a +0 scimitar; a +0 halberd
 71150 | Depths:4 | +0 storm dragon scales {rare}; a +0 scimitar; a +0 halberd
 71226 | Zot:2    | Reached skill level 5 in Staves
 71475 | Zot:2    | Received a gift from Trog
 71542 | Zot:2    | +0 shadow dragon scales {rare}; a shadow dragon corpse
 71614 | Zot:2    | Identified +0 gold dragon scales
 71616 | Zot:2    | +0 gold dragon scales {rare}; a golden dragon corpse
 71722 | Zot:2    | Reached skill level 23 in Shields
 71922 | Zot:2    | Reached XP level 27. HP: 229/264 MP: 7/23
 72402 | Zot:3    | +0 storm dragon scales {rare}; a storm dragon corpse
 72404 | Zot:3    | +0 storm dragon scales {rare}; a storm dragon corpse
 72444 | Zot:3    | Noticed a curse toe
 72446 | Zot:3    | the +12 crystal plate armour "Joiwn" {rElec rPois Stlth-,
                  | rare} melds into your body.
 72451 | Zot:3    | Killed a curse toe
 72492 | Zot:3    | the +12 crystal plate armour "Joiwn" {rElec rPois Stlth-,
                  | rare} unmelds from your body.
 73020 | Zot:3    | +0 storm dragon scales {rare}; a storm dragon skeleton
 73456 | Zot:4    | Reached skill level 23 in Axes
 73488 | Zot:3    | Received a gift from Trog
 73827 | Zot:3    | Reached skill level 14 in Throwing
 74382 | Zot:4    | quicksilver dragon scales {rare}; a quicksilver dragon
                  | corpse
 74496 | Zot:5    | Entered Level 5 of the Realm of Zot
 74569 | Zot:5    | Reached skill level 25 in Fighting
 75063 | Zot:5    | Reached skill level 24 in Shields
 75068 | Zot:5    | Noticed an orb of fire
 75131 | Zot:5    | Noticed an orb of fire
 75132 | Zot:5    | magus.rc [v1.11.6]
 75133 | Zot:5    | Gained mutation: Your body sometimes deteriorates upon
                  | taking damage. [an orb of fire]
 75148 | Zot:5    | Killed an orb of fire
 75159 | Zot:5    | Gained mutation: Your body often deteriorates upon taking
                  | damage. [an orb of fire]
 75168 | Zot:5    | Gained mutation: You are resistant to electric shocks.
                  | (rElec) [an orb of fire]
 75181 | Zot:5    | Killed an orb of fire
 75182 | Zot:5    | Reached skill level 15 in Throwing
 75186 | Zot:5    | Noticed an orb of fire
 75188 | Zot:5    | Noticed a Killer Klown
 75194 | Zot:5    | Killed an orb of fire
 75200 | Zot:5    | Noticed a Killer Klown
 75201 | Zot:5    | Killed a Killer Klown
 75209 | Zot:5    | Killed a Killer Klown
 75261 | Zot:5    | quicksilver dragon scales {rare}; a quicksilver dragon
                  | corpse
 75302 | Zot:5    | Noticed an ancient lich
 75311 | Zot:5    | Killed an ancient lich
 75311 | Zot:5    | Received a gift from Trog
 75450 | Zot:5    | Noticed an orb of fire
 75453 | Zot:5    | Noticed a dread lich
 75454 | Zot:5    | Noticed an electric golem
 75458 | Zot:5    | Gained mutation: You are clumsy. (Dex -2) [an orb of fire]
 75460 | Zot:5    | Noticed an ancient lich
 75462 | Zot:5    | Noticed an orb of fire
 75464 | Zot:5    | Noticed an orb of fire
 75468 | Zot:5    | Killed an orb of fire
 75472 | Zot:5    | Noticed an orb of fire
 75615 | Zot:5    | Noticed a Killer Klown
 75616 | Zot:5    | quicksilver dragon scales {rare}; a quicksilver dragon
                  | skeleton
 75618 | Zot:5    | quicksilver dragon scales {rare}; a quicksilver dragon
                  | skeleton
 75630 | Zot:5    | Killed a Killer Klown
 75642 | Zot:5    | Gained mutation: You occasionally lose the ability to drink
                  | potions when taking damage. [an orb of fire]
 75644 | Zot:5    | Gained mutation: You have large cloven feet. [an orb of
                  | fire]
 75652 | Zot:5    | Killed an orb of fire
 75652 | Zot:5    | Killed an electric golem
 75674 | Zot:5    | Killed an ancient lich
 75689 | Zot:5    | Killed a dread lich
 75690 | Zot:5    | Reached skill level 16 in Throwing
 75703 | Zot:5    | Noticed a dread lich
 75712 | Zot:5    | Killed a dread lich
 75765 | Zot:5    | Noticed a Killer Klown
 75771 | Zot:5    | Killed a Killer Klown
 75786 | Zot:5    | Killed an orb of fire
 75924 | Zot:5    | Noticed a Killer Klown
 75938 | Zot:5    | Killed a Killer Klown
 75939 | Zot:5    | Reached skill level 25 in Shields
 75989 | Zot:5    | Reached skill level 24 in Axes
 76004 | Zot:5    | Noticed a Killer Klown
 76023 | Zot:5    | Killed a Killer Klown
 76065 | Zot:5    | Noticed an ancient lich
 76075 | Zot:5    | Noticed an orb of fire
 76088 | Zot:4    | Killed an ancient lich
 76113 | Zot:5    | Killed an orb of fire
 76284 | Zot:5    | Killed an orb of fire
 76288 | Zot:5    | Reached skill level 20 in Evocations
 76334 | Zot:5    | Identified +0 gold dragon scales
 76512 | Zot:5    | You add the spells Gell's Gravitas and Teleport Other to
                  | your library.
 76590 | Zot:5    | Noticed an electric golem
 76608 | Zot:5    | Killed an electric golem
 76838 | Zot:5    | Got the Orb of Zot
 76894 | Zot:5    | a +0 halberd; +0 storm dragon scales {rare}; +0 gold dragon
                  | scales {rare}
 76903 | Zot:4    | Noticed Zaast the pandemonium lord
 76914 | Zot:4    | Noticed Ebbijips the pandemonium lord
 76916 | Zot:4    | Killed Zaast the pandemonium lord
 76918 | Zot:4    | Noticed an ancient lich
 76927 | Zot:4    | Lost mutation: You are robust. (+10% HP) [a neqoxec]
 76931 | Zot:4    | Gained mutation: You occasionally shout uncontrollably at
                  | your foes. [mutagenic glow]
 77018 | Zot:2    | Reached skill level 21 in Evocations
 77061 | Zot:1    | +0 shadow dragon scales {rare}; a +0 cloak; a +0 long sword
 77074 | Depths:4 | +0 storm dragon scales {rare}; a +0 scimitar; a +0 halberd
 77466 | D:$      | Escaped with the Orb!

Vanquished Creatures
  the Royal Jelly (Slime:5)
  A pandemonium lord (Zot:4)
  2 dread liches (Zot:5)
  8 orbs of fire (Zot:5)
  3 ancient liches
  Mara (Snake:3)
  Bai Suzhen (Vaults:3)
  Margery (Vaults:2)
  6 Killer Klowns (Zot:5)
  Vashnia (Snake:3)
  A caustic shrike (Depths:2)
  A curse toe (Zot:3)
  6 golden dragons
  Jory (Vaults:2)
  The ghost of wjchen the Warrior, an adept MiFi of Okawaru (Elf:1)
  A bone dragon (Vaults:2)
  The ghost of LLlMATKO the Impregnable, an adept MiBe of Trog (Elf:2)
  The ghost of Metae the Spry, an adept MiFi of Uskayaw (Elf:2)
  2 electric golems (Zot:5)
  Zenata (Vaults:4)
  8 tentacled monstrosities
  Mlioglotl (Swamp:1)
  2 liches
  Jorgrun (D:12)
  6 quicksilver dragons
  Asterion (Vaults:2)
  2 deep elf master archers (Elf:3)
  The ghost of Termiter the Thanatomancer, an adept DsNe of Nemelex Xobeh (Elf:2)
  2 deep elf blademasters
  29 Orb Guardians
  18 acid blobs
  A titan (Depths:2)
  12 death cobs
  An Executioner (Zot:4)
  The ghost of TrebMcFLY the Sorcerer, an adept DECj of Vehumet (Elf:2)
  The ghost of HumbleHazard the Slayer, an adept HOFi of Gozag (Elf:2)
  Agnes (Snake:4)
  3 tengu reavers
  5 sphinxes
  3 thorn hunters
  6 draconian monks
  11 shadow dragons
  11 storm dragons
  Donald (Elf:2)
  The ghost of HumbleHazard the Warrior, a journeyman HOFi of Gozag (Elf:2)
  3 nagarajas
  The ghost of ioannis32 the Severer, an adept DsBe of Trog (Elf:2)
  9 rockslimes
  6 azure jellies
  9 fire giants
  10 vault wardens
  4 frost giants
  Aizul (Swamp:1)
  3 draconian knights
  An iron dragon (Depths:2)
  11 deep elf sorcerers (Elf:3)
  A ghost moth (Zot:4)
  8 draconian scorchers
  A caustic shrike zombie (Depths:3)
  6 draconian annihilators
  The ghost of foufou10 the Severer, a journeyman MiBe of Trog (Elf:2)
  7 draconian shifters
  A spriggan defender (Depths:4)
  7 deep elf elementalists
  3 orc warlords
  31 very ugly things
  12 quicksilver oozes
  13 stone giants
  13 ironbound preservers
  3 draconian stormcallers
  A reaper (D:11)
  3 ironbound thunderhulks
  2 war gargoyles
  14 green draconians
  6 bunyips
  A minotaur (Gauntlet)
  9 black draconians
  9 yellow draconians
  9 deep elf annihilators
  11 purple draconians
  9 deep elf demonologists
  11 white draconians
  14 dire elephants
  2 eleionomae (Swamp:2)
  14 red draconians
  Snorg (Orc:1)
  8 spark wasps
  The ghost of septik the Severer, a journeyman MiBe of Trog (Lair:1)
  7 ettins
  Josephine (D:12)
  11 yaktaur captains
  A shambling mangrove (Swamp:3)
  11 fire dragons
  3 jiangshi (Depths:1)
  A crystal guardian (Vaults:2)
  3 deep elf death magi (Elf:3)
  An entropy weaver (Vaults:1)
  8 ice dragons
  4 deep elf high priests
  A rakshasa (Depths:2)
  A hell beast (Depths:1)
  13 great orbs of eyes
  5 vault guards
  6 peacekeepers
  4 salamander tyrants
  20 hydras
  7 ironbound frosthearts
  3 catoblepae
  4 spriggan air magi
  2 boulder beetles
  3 ogre magi
  7 centaur warriors
  10 anacondas
  32 dancing weapons
  9 alligators
  5 two-headed ogres
  A boulder beetle (shapeshifter) (D:15)
  18 death yaks
  3 deep troll shamans
  A titan zombie (Depths:3)
  10 naga warriors
  8 deep troll earth magi
  3 vampire magi (Depths:1)
  3 tengu warriors
  7 hell knights
  6 shock serpents
  A soul eater (Zot:3)
  13 naga sharpshooters
  9 spriggan berserkers
  3 sun demons
  A fire crab (Gauntlet)
  5 iron trolls
  11 deep elf knights
  4 skysharks
  2 salamander mystics
  2 sea snakes (Snake:2)
  A storm dragon skeleton (Depths:3)
  3 death drakes
  3 skeletal warriors (D:15)
  A spriggan druid (Swamp:1)
  8 goliath frogs
  61 deep trolls
  8 swamp dragons
  2 flayed ghosts (Depths:2)
  A sphinx zombie (Depths:3)
  10 deep elf archers
  19 ironbound convokers
  An obsidian statue (Zot:5)
  2 glowing orange brains
  8 orc knights
  4 naga ritualists
  3 bog bodies
  9 harpies
  6 lindwurms
  33 deep elf pyromancers
  9 mana vipers
  8 wizards
  7 necromancers
  A wolf spider zombie (Gauntlet)
  37 deep elf zephyrmancers
  7 orc sorcerers
  4 manticores
  4 oklob plants
  21 salamanders
  A shadow dragon skeleton (Vaults:4)
  20 moths of wrath
  A cyclops (shapeshifter) (Vaults:3)
  5 will-o-the-wisps
  6 shining eyes
  Joseph (D:9)
  59 ugly things
  11 cyclopes
  The ghost of Demmmu the Grappler, a novice TrBe of Trog (D:4)
  7 elephants
  2 eyes of devastation
  12 vault sentinels
  A spectral centaur (Gauntlet)
  34 black mambas
  5 guardian serpents
  18 naga magi
  2 rust devils (Depths:2)
  3 ice statues (IceCv)
  A fire giant skeleton (Depths:1)
  2 smoke demons (Depths:1)
  2 gargoyles
  2 unseen horrors
  A rime drake (Lair:5)
  A cane toad (shapeshifter) (Vaults:3)
  9 cane toads
  A hellion (Depths:2)
  2 ice devils (Depths:2)
  18 yaktaurs
  9 komodo dragons
  An efreet (D:15)
  A freezing wraith (Vaults:4)
  A yaktaur (shapeshifter) (Depths:2)
  12 trolls
  A spectral harpy (Gauntlet)
  2 tengu conjurers (Depths:3)
  21 hornets
  2 hellwings
  5 polar bears
  A bloated husk (Swamp:2)
  A red devil (Depths:2)
  7 tyrant leeches
  25 blink frogs
  A queen bee (Gauntlet)
  7 saltlings (Orc:2)
  2 spriggan zombies (Depths:1)
  A large abomination (Depths:3)
  A raiju (shapeshifter) (Elf:3)
  A frost giant simulacrum (Depths:1)
  3 air elementals
  104 slime creatures
  A vampire (D:10)
  2 shadows
  2 centaur simulacra (Gauntlet)
  5 wraiths (D:12)
  4 water elementals
  14 spriggans
  4 wyverns
  3 fire elementals
  7 basilisks
  4 fire bats (Gauntlet)
  2 golden eyes (Slime:5)
  32 yaks
  A redback (Vaults:1)
  5 vampire mosquitoes (D:14)
  2 chaos spawn
  A neqoxec (Depths:2)
  35 nagas
  2 wargs (Orc:1)
  20 swamp worms
  A floating eye (shapeshifter) (D:14)
  16 water moccasins
  An ogre zombie (Vaults:4)
  3 acid dragons
  2 floating eyes
  39 orc warriors
  2 great orb of eyes simulacra (IceCv)
  11 swamp drakes
  5 black bears
  A sky beast (D:7)
  25 wolves
  An ice dragon simulacrum (Gauntlet)
  8 ogres
  6 centaurs
  A phantom (D:4)
  5 slime creature simulacra (IceCv)
  A human zombie (Vaults:4)
  3 kobold brigands
  7 bullfrogs
  5 gnoll sergeants
  4 earth elementals
  3 scorpions
  4 glowing shapeshifter simulacra
  4 wights (D:7)
  7 killer bees
  7 howler monkeys
  2 electric eels
  4 hounds
  18 orc priests
  2 gnoll boudas
  13 jellies
  A sleepcap (D:4)
  7 iguanas
  13 orc wizards
  4 shapeshifter simulacra (IceCv)
  34 gnolls
  6 adders
  5 white imps
  2 ufetubi
  2 worms (D:2)
  3 dart slugs
  84 orcs
  8 endoplasms
  5 giant cockroaches
  15 goblins
  6 hobgoblins
  26 kobolds
  A quokka (D:3)
  7 ball pythons
  3 bats
  2 frilled lizards
  8 rats
  4 briar patches (Swamp:3)
  10 bushes (Lair:4)
  A fire vortex (Lair:3)
  A pillar of salt (Orc:2)
  6 spectral weapons
2093 creatures vanquished.

Vanquished Creatures (collateral kills)
  Xtahua (Vaults:2)
  The ghost of Borgoz the Tortoise, an adept GrBe of Trog (Elf:1)
  A shadow dragon (Vaults:4)
  A rockslime (Slime:5)
  A vault warden (Vaults:2)
  An iron dragon (Vaults:4)
  An ironbound preserver (Vaults:4)
  A stone giant (Vaults:4)
  A deep elf demonologist (Vaults:4)
  2 white draconians (Zot:2)
  An ettin (Vaults:4)
  A salamander tyrant (Snake:4)
  2 ironbound frosthearts (Vaults:4)
  An orc high priest (Orc:2)
  4 dancing weapons (Elf:2)
  A deep elf knight (Elf:2)
  A salamander mystic (Snake:4)
  2 deep trolls (Vaults:4)
  2 ironbound convokers
  2 orc knights (Orc:2)
  A deep elf zephyrmancer (Elf:2)
  2 salamanders (Snake:4)
  A black mamba (Snake:1)
  A rime drake (Lair:5)
  A troll (Orc:2)
  3 nagas (Snake:4)
  An orc warrior (Orc:2)
  10 white imps (Lair:5)
  An orc (Orc:2)
49 creatures vanquished.

Vanquished Creatures (others)
  A death cob (Zot:2)
  A purple draconian (Zot:2)
  A yaktaur captain (Vaults:4)
  A dancing weapon (Elf:2)
  A tengu warrior (Depths:2)
  A deep elf knight (Elf:2)
  A spriggan (Swamp:1)
  2 deep elf pyromancers (Elf:2)
  A black mamba (Snake:4)
  2 bloated husks
  4 hornets
  A swamp worm (Swamp:3)
  A bush (Lair:4)
  16 foxfires
  47 fungi
  116 plants
  19 toadstools (Lair:4)
216 creatures vanquished.

Grand Total: 2358 creatures vanquished

Table legend:
 A = Non-vault XP
 B = Vault XP
 C = Vault XP percentage of total XP
 D = Non-vault monster count
 E = Vault monster count
 F = Vault count percentage of total count
                 A         B        C        D         E       F
            +---------+---------+-------+---------+---------+-------
      Total |  748582 |  553466 |  42.5 |    1382 |     724 |  34.4
            +---------+---------+-------+---------+---------+-------
        D:1 |      22 |       0 |   0.0 |      13 |       0 |   0.0
        D:2 |     103 |       0 |   0.0 |      27 |       0 |   0.0
        D:3 |     102 |       7 |   6.4 |      27 |       3 |  10.0
        D:4 |     454 |     484 |  51.6 |      15 |       2 |  11.8
        D:5 |     473 |      47 |   9.0 |      10 |       3 |  23.1
        D:6 |     539 |       0 |   0.0 |       9 |       0 |   0.0
        D:7 |    1427 |       1 |   0.1 |      29 |       1 |   3.3
        D:8 |    1393 |       0 |   0.0 |      17 |       0 |   0.0
        D:9 |    1154 |     687 |  37.3 |      26 |       3 |  10.3
       D:10 |    2844 |    4663 |  62.1 |      19 |      17 |  47.2
       D:11 |    2991 |       0 |   0.0 |       8 |       0 |   0.0
       D:12 |    4553 |    4805 |  51.3 |      16 |      34 |  68.0
       D:13 |    5555 |    1422 |  20.4 |      20 |       2 |   9.1
       D:14 |   10234 |     905 |   8.1 |      23 |       2 |   8.0
       D:15 |   14215 |    2447 |  14.7 |      31 |       4 |  11.4
     Lair:1 |    3486 |    3127 |  47.3 |       7 |      12 |  63.2
     Lair:2 |    5421 |    3338 |  38.1 |      20 |      10 |  33.3
     Lair:3 |   13317 |    1631 |  10.9 |      45 |       8 |  15.1
     Lair:4 |   14516 |     587 |   3.9 |      46 |       1 |   2.1
     Lair:5 |    9026 |   12350 |  57.8 |      22 |      48 |  68.6
    Swamp:1 |    8009 |    3059 |  27.6 |      18 |       2 |  10.0
    Swamp:2 |   11022 |     400 |   3.5 |      18 |       3 |  14.3
    Swamp:3 |   11850 |    2901 |  19.7 |      22 |       5 |  18.5
    Swamp:4 |    9106 |   14388 |  61.2 |      15 |      22 |  59.5
    Snake:1 |   16784 |    2196 |  11.6 |      35 |       4 |  10.3
    Snake:2 |   20843 |     550 |   2.6 |      33 |       1 |   2.9
    Snake:3 |   18252 |   16072 |  46.8 |      39 |      16 |  29.1
    Snake:4 |   13178 |   15206 |  53.6 |      28 |      20 |  41.7
    Slime:1 |    8578 |       0 |   0.0 |      14 |       0 |   0.0
    Slime:2 |    3982 |       0 |   0.0 |      11 |       0 |   0.0
    Slime:3 |    6775 |     949 |  12.3 |       9 |       4 |  30.8
    Slime:4 |   15492 |    2310 |  13.0 |      30 |       4 |  11.8
    Slime:5 |   10756 |   20338 |  65.4 |      18 |      15 |  45.5
      Orc:1 |    4920 |    4166 |  45.9 |      40 |      17 |  29.8
      Orc:2 |    3290 |   12680 |  79.4 |      24 |      38 |  61.3
      Elf:1 |   16851 |   19576 |  53.7 |      29 |      25 |  46.3
      Elf:2 |   24982 |   41744 |  62.6 |      43 |      46 |  51.7
      Elf:3 |   10145 |   43916 |  81.2 |      18 |      39 |  68.4
   Vaults:1 |   22991 |    8157 |  26.2 |      34 |       9 |  20.9
   Vaults:2 |   31100 |   30535 |  49.5 |      40 |      31 |  43.7
   Vaults:3 |   33750 |   32227 |  48.8 |      50 |      33 |  39.8
   Vaults:4 |   41851 |   41835 |  50.0 |      58 |      46 |  44.2
   Depths:1 |   39862 |    6231 |  13.5 |      53 |       8 |  13.1
   Depths:2 |   26849 |   34008 |  55.9 |      35 |      37 |  51.4
   Depths:3 |   38042 |    2571 |   6.3 |      47 |       7 |  13.0
   Depths:4 |   26257 |   16022 |  37.9 |      33 |      15 |  31.2
      Zot:1 |   23391 |    2883 |  11.0 |      21 |       2 |   8.7
      Zot:2 |   44652 |       0 |   0.0 |      39 |       0 |   0.0
      Zot:3 |   35242 |       0 |   0.0 |      31 |       0 |   0.0
      Zot:4 |   46474 |    4434 |   8.7 |      41 |       1 |   2.4
      Zot:5 |   31247 |  120891 |  79.5 |      25 |      47 |  65.3
     Bailey |       0 |    1108 | 100.0 |       0 |      23 | 100.0
      IceCv |     234 |    8833 |  97.4 |       1 |      31 |  96.9
   Gauntlet |       0 |    6779 | 100.0 |       0 |      23 | 100.0
            +---------+---------+-------+---------+---------+-------

Skill      XL: |  1  2  3  4  5  6  7  8  9 10 11 12 13 14 15 16 17 18 19 20 21 22 23 24 25 26 27 |
---------------+----------------------------------------------------------------------------------+-----
Axes           | 4 5 6 7 9 11 13 14 15 16 18 20 22 24 | 24.0
Armour         | 3 5 7 8 9 10 12 13 14 15 16 17 21 22 | 22.0
Fighting       | 4 5 7 10 11 12 14 15 16 17 21 22 23 24 25 | 25.0
Dodging        | 2 5 |  5.0
Evocations     | 2 5 7 9 10 12 13 14 15 16 17 18 19 21 | 21.1
Shields        | 5 7 9 10 11 13 15 16 20 21 22 23 25 | 25.0
Throwing       | 3 6 8 9 11 12 13 16 | 16.0
Staves         | 1 5 |  5.0

Action                     |  1- 3 |  4- 6 |  7- 9 | 10-12 | 13-15 | 16-18 | 19-21 | 22-24 | 25-27 || total
---------------------------+-------+-------+-------+-------+-------+-------+-------+-------+-------++-------
  Melee: Hand axe          |    87 |   127 |       |       |       |       |       |       |       ||   214
         Punch             |       |     4 |     1 |       |       |       |       |       |       ||     5
         War axe           |       |    65 |   100 |       |    21 |       |       |       |       ||   186
         Battleaxe         |       |       |   111 |   310 |   829 |  1176 |  1254 |  1190 |  1823 ||  6693
         Flail             |       |       |       |       |    31 |       |       |       |       ||    31
         Broad axe         |       |       |       |       |       |   119 |       |       |       ||   119
         Lajatang          |       |       |       |       |       |       |       |    11 |    19 ||    30
  Throw: Stone             |     7 |       |    46 |       |     2 |       |       |       |       ||    55
         Dart              |       |     6 |     2 |     1 |       |     7 |       |       |     3 ||    19
         Boomerang         |       |       |       |       |       |       |     4 |    10 |   103 ||   117
         Javelin           |       |       |       |       |       |       |     4 |       |     8 ||    12
         Throwing net      |       |       |       |       |       |       |       |       |     2 ||     2
 Invoke: Trog's Hand       |       |       |     1 |     9 |     4 |     2 |     2 |     2 |     1 ||    21
         Brothers in Arms  |       |       |       |     1 |       |     3 |     8 |     2 |       ||    14
Ability: Shaft Self        |       |       |       |     1 |     1 |     2 |     3 |       |       ||     7
         Dig               |       |       |       |       |       |       |     1 |     2 |     4 ||     7
  Evoke: Wand              |       |       |       |       |    14 |    11 |    21 |     8 |    64 ||   118
         Lightning rod     |       |       |       |       |     4 |       |     4 |     1 |       ||     9
         Phial of floods   |       |       |       |       |     1 |       |       |       |       ||     1
         Box of beasts     |       |       |       |       |       |     1 |     1 |     1 |       ||     3
         Phantom mirror    |       |       |       |       |       |       |     1 |     3 |     1 ||     5
         Tin of tremorston |       |       |       |       |       |       |       |     1 |     3 ||     4
    Use: Scroll            |       |     3 |       |     4 |     7 |    11 |     4 |     2 |    10 ||    41
         Potion            |       |     1 |       |    11 |     1 |     2 |     8 |     4 |    11 ||    38
   Stab: Distracted        |       |       |       |       |       |       |     1 |     3 |     1 ||     5
         Held in net/web   |       |       |       |       |       |       |       |       |     1 ||     1
 Armour: Ring mail         |     6 |    63 |    19 |       |       |       |       |       |       ||    88
         Chain mail        |       |       |    63 |   139 |       |       |       |       |       ||   202
         Plate armour      |       |       |    13 |       |   413 |   514 |   346 |   408 |       ||  1694
         Scale mail        |       |       |       |    31 |     6 |       |       |       |       ||    37
         Crystal plate arm |       |       |       |       |       |       |       |     7 |   814 ||   821
  Dodge: Dodged            |    36 |    97 |    95 |   157 |   262 |   361 |   277 |   316 |   384 ||  1985
         Repelled          |       |       |       |       |    12 |    20 |    27 |       |    23 ||    82
  Block: Buckler           |       |       |       |     9 |   196 |   223 |       |       |       ||   428
         Tower shield      |       |       |       |       |       |   141 |    78 |       |       ||   219
         Kite shield       |       |       |       |       |       |    14 |   498 |   600 |  1074 ||  2186
         Reflection        |       |       |       |       |       |       |    21 |    33 |    26 ||    80

Illustrated notes

Table legend:
 A = Kills in this place as a percentage of kills in the entire game.
 B = Kills by you in this place as a percentage of kills by you in the entire game.
 C = Kills by friends in this place as a percentage of kills by friends in the entire game.
 D = Other kills in this place as a percentage of other kills in the entire game.
 E = Experience gained in this place as a percentage of experience gained in the entire game.
 F = Experience gained in this place divided by the number of levels of this place that you have seen.
                   A       B       C       D       E      F
               +-------+-------+-------+-------+-------+----------------------
         Total | 100.0 | 100.0 | 100.0 | 100.0 | 100.0 | 23999.9
       Dungeon |  17.3 |  17.8 |   0.0 |   0.0 |   5.0 | 4374.1
          Lair |  10.3 |  10.1 |  22.9 |   0.0 |   5.1 | 13359.8
         Swamp |   5.0 |   4.9 |   0.0 |  35.7 |   4.6 | 15183.8
     Snake Pit |   8.3 |   8.1 |  16.7 |   7.1 |   7.8 | 25770.2
    Slime Pits |   5.0 |   5.1 |   0.0 |   0.0 |   5.2 | 13836.0
  Orcish Mines |   5.6 |   5.5 |  12.5 |   0.0 |   1.9 | 12528.0
   Elven Halls |   9.4 |   9.2 |  14.6 |  21.4 |  11.9 | 52404.7
        Vaults |  14.2 |  13.9 |  29.2 |   7.1 |  18.4 | 60611.5
        Depths |  11.1 |  11.4 |   0.0 |  14.3 |  14.4 | 47526.5
           Zot |  10.1 |  10.2 |   4.2 |  14.3 |  24.5 | 64562.4
        Bailey |   1.1 |   1.1 |   0.0 |   0.0 |   0.1 | 1108.0
      Ice Cave |   1.5 |   1.6 |   0.0 |   0.0 |   0.7 | 9067.0
      Gauntlet |   1.1 |   1.1 |   0.0 |   0.0 |   0.5 | 6779.0
               +-------+-------+-------+-------+-------+----------------------

Table legend: (Time is in decaauts)
 A = Elapsed time spent in this place.
 B = Non-inter-level travel time spent in this place.
 C = Inter-level travel time spent in this place.
 D = Time resting spent in this place.
 E = Time spent auto-exploring this place.
 F = Levels seen in this place.
 G = Mean time per level.
                   A        B        C        D        E       F      G
               +--------+--------+--------+--------+--------+-----+--------+
         Total |  76129 |  67971 |   8158 |  14948 |  34160 |  55 | 1384.2 |
       Dungeon |  17970 |  15430 |   2540 |   1197 |  10657 |  15 | 1198.0 |
          Lair |  10009 |   8434 |   1575 |   1489 |   4660 |   5 | 2001.8 |
         Swamp |   5394 |   4903 |    491 |   2155 |   1799 |   4 | 1348.5 |
     Snake Pit |   7060 |   6629 |    431 |   2269 |   2567 |   4 | 1765.0 |
    Slime Pits |   2846 |   2648 |    198 |    577 |   1218 |   5 |  569.2 |
  Orcish Mines |   2803 |   2616 |    187 |    645 |   1270 |   2 | 1401.5 |
   Elven Halls |   7399 |   6295 |   1104 |   2467 |   2038 |   3 | 2466.3 |
        Vaults |   6544 |   6214 |    330 |    825 |   3629 |   4 | 1636.0 |
        Depths |   6032 |   5268 |    764 |    679 |   3204 |   4 | 1508.0 |
           Zot |   6326 |   5791 |    535 |   1473 |   2249 |   5 | 1265.2 |
        Bazaar |    134 |    134 |      0 |      0 |     71 |   1 |  134.0 |
        Bailey |   1346 |   1346 |      0 |    651 |    250 |   1 | 1346.0 |
      Ice Cave |   1106 |   1106 |      0 |    304 |    117 |   1 | 1106.0 |
      Gauntlet |   1153 |   1153 |      0 |    215 |    431 |   1 | 1153.0 |
               +--------+--------+--------+--------+--------+-----+--------+

Top non-repeatable levels by time:
   Elf:3: 3054 daAuts
   Elf:2: 2898 daAuts
  Lair:3: 2492 daAuts
 Snake:2: 2164 daAuts
  Lair:2: 2136 daAuts
   Zot:5: 2047 daAuts
 Snake:3: 2021 daAuts
Vaults:2: 1985 daAuts
  Lair:5: 1915 daAuts
Depths:2: 1851 daAuts
  Lair:4: 1790 daAuts
    D:10: 1746 daAuts
   Orc:2: 1680 daAuts
  Lair:1: 1675 daAuts
 Swamp:3: 1639 daAuts
